 Dungeon Crawl Stone Soup version 0.32-a0-872-g59262bdc9b (webtiles) character file.

Game seed: 3747743906597084727

2498380 Nyxathid the Demonologist (level 27, 190/214 HPs)
             Began as a Vampire Summoner on Mar 29, 2024.
             Was an Initiate of Kikubaaqudgha.
             Escaped with the Orb
             ... and 4 runes on Mar 30, 2024!
             The game lasted 03:05:34 (63988 turns).

Nyxathid the Demonologist (Vampire Summoner)       Turns: 63988, Time: 03:05:34

Health: 190/214    AC: 22    Str:  9    XL:     27
Magic:  35/45      EV: 18    Int: 59    God:    Kikubaaqudgha [......]
Gold:   3219       SH: 25    Dex: 15    Spells: 7/62 levels left

rFire   + + .        N - staff of World's End {rN+ Will+ Int+4 Necro}
rCold   + + .        c - +5 kite shield {rF+}
rNeg    + + .        B - +0 faerie dragon scales {rCorr Int+4}
rPois   +            J - +2 helmet "Piruashra" {+Inv rPois SInv}
rElec   +            K - +2 cloak
rCorr   +            H - +3 pair of gloves of the Teaching Gods {rElec rN+ Regen+ Int+3}
SInv    +            Y - +2 pair of boots of the Chupacabra {Int+9}
Will    +++++        L - amulet "Beomm" {Reflect Regen+ Int+4 Dex-5 Slay+6 SH+5}
Stlth   ++           T - ring of Conformity {rF+ Str+2}
HPRegen 2.35/turn    A - ring of Zyv Zoir {Wiz rC++ Str+2 Int+3}
MPRegen 0.29/turn

%: reflection, wizardry (x1)
@: healing quickly
A: alive, fangs 3, see invisible, vampiric 2, claws 2, iridescent scales 1,
agile 1, clever 1, strong-willed 3, mutation resistance 2, eyeballs 1,
pseudopods 2, translucent skin 2, no potion heal 1, sturdy frame 1
0: Orb of Zot
}: 4/15 runes: decaying, serpentine, slimy, silver
a: Exsanguinate, Renounce Religion, Evoke Invisibility


You escaped.
You worshipped Kikubaaqudgha.
Kikubaaqudgha was noncommittal.
You visited 12 branches of the dungeon, and saw 56 of its levels.
You visited the Abyss 1 time.
You visited 1 bazaar.
You visited 1 ziggurat, and saw 3 of its levels.
You also visited: Gauntlet, Ice Cave and Wizlab.

You collected 8609 gold pieces.
You spent 5390 gold pieces at shops.

Inventory:

Hand Weapons
 a - a +7 demon whip of pain
 S - a +7 spectral demon whip
Armour
 c - a +5 kite shield of fire resistance (worn)
 B - the +0 faerie dragon scales (worn) {rCorr Int+4}
   (You took it off the Enchantress on level 2 of the Depths)

   Int+4:     It affects your intelligence (+4).
   rCorr:     It protects you from acid and corrosion.
 H - the +3 pair of gloves of the Teaching Gods (worn) {rElec rN+ Regen+ Int+3}
   (You found it in an ice cave)

   Int+3:     It affects your intelligence (+3).
   rElec:     It insulates you from electricity.
   rN+:       It protects you from negative energy.
   Regen+:    It increases your rate of health regeneration.
 J - the +2 helmet "Piruashra" (worn) {+Inv rPois SInv}
   (You found it on level 2 of the Elven Halls)

   rPois:     It protects you from poison.
   SInv:      It lets you see invisible.
   +Inv:      It lets you turn invisible.
 K - a +2 cloak (worn)
 M - +0 steam dragon scales
 Q - a +1 kite shield of cold resistance
 Y - the +2 pair of boots of the Chupacabra (worn) {Int+9}
   (You found it on level 1 of the Swamp)

   Int+9:     It affects your intelligence (+9).
Magical Staves
 N - the staff of World's End (weapon) {rN+ Will+ Int+4 Necro}
   (You found it on level 3 of the Crypt)

   [staff of death]

   Base accuracy: +5 Base damage: 5 Base attack delay: 1.2 This weapon's minimum
   attack delay (0.6) is reached at skill level 12.
   Int+4:     It affects your intelligence (+4).
   rN+:       It protects you from negative energy.
   Will+:     It increases your willpower.
   Necro:     It increases the power of your Necromancy spells.
   It falls into the 'Staves' category.
   It is a one-handed weapon.
Jewellery
 h - the amulet of the Green God {Reflect rC+ rN++ Will+ SH+5}
   (You found it on level 1 of the Elven Halls)

   [amulet of reflection]

   Reflect:   It reflects blocked missile attacks.
   rC+:       It protects you from cold.
   rN++:      It greatly protects you from negative energy.
   Will+:     It increases your willpower.
   SH+5:      It affects your SH (+5).
 k - the ring "Vuc Popeo" {rElec rN+ MP+9 Str-3}
   (You found it on level 5 of the Pits of Slime)

   [ring of magical power]

   Str-3:     It affects your strength (-3).
   rElec:     It insulates you from electricity.
   rN+:       It protects you from negative energy.
   MP+9:      It affects your magic capacity (+9).
 t - an amulet of magic regeneration
 u - the ring of the Shining Light {rPois rN+ AC+4 Str+3}
   (You found it in a Gauntlet)

   [ring of protection]

   AC+4:      It affects your AC (+4).
   Str+3:     It affects your strength (+3).
   rPois:     It protects you from poison.
   rN+:       It protects you from negative energy.
 y - the ring "Jearuniph" {rElec rN+ Will++ EV+5 Int-4}
   (You found it on level 3 of the Crypt)

   [ring of evasion]

   EV+5:      It affects your evasion (+5).
   Int-4:     It affects your intelligence (-4).
   rElec:     It insulates you from electricity.
   rN+:       It protects you from negative energy.
   Will++:    It greatly increases your willpower.
 A - the ring of Zyv Zoir (right hand) {Wiz rC++ Str+2 Int+3}
   (You bought it in a shop on level 1 of the Vaults)

   [ring of wizardry]

   Wiz:       It improves your spell success rate.
   Str+2:     It affects your strength (+2).
   Int+3:     It affects your intelligence (+3).
   rC++:      It greatly protects you from cold.
 I - the ring of Starshine {rN+ Will+ Str+3}
   (You found it on level 1 of the Swamp)

   [ring of positive energy]

   Str+3:     It affects your strength (+3).
   rN+:       It protects you from negative energy.
   Will+:     It increases your willpower.
 L - the amulet "Beomm" (around neck) {Reflect Regen+ Int+4 Dex-5 Slay+6 SH+5}
   (You found it on level 3 of the Elven Halls)

   [amulet of reflection]

   Reflect:   It reflects blocked missile attacks.
   Int+4:     It affects your intelligence (+4).
   Dex-5:     It affects your dexterity (-5).
   Slay+6:    It affects your accuracy & damage with ranged weapons and melee
   (+6).
   Regen+:    It increases your rate of health regeneration.
   SH+5:      It affects your SH (+5).
 T - the ring of Conformity (left hand) {rF+ Str+2}
   (You found it on level 3 of the Elven Halls)

   [ring of protection from fire]

   Str+2:     It affects your strength (+2).
   rF+:       It protects you from fire.
Talismans
 O - a granite talisman
Scrolls
 e - 6 scrolls of silence {!r}
 f - a scroll of enchant armour
 j - 7 scrolls of fog {@r2}
 l - a scroll of revelation {@r5}
 n - 2 scrolls of butterflies
 o - 14 scrolls of immolation
 r - 4 scrolls of poison
 s - 7 scrolls of fear
 x - 5 scrolls of vulnerability {!r}
 G - a scroll of enchant weapon
 U - 3 scrolls of torment
 W - 2 scrolls of amnesia
 X - 9 scrolls of teleportation {@r3}
Potions
 b - 3 potions of magic
 d - 11 potions of curing {@q2}
 g - a potion of invisibility
 i - 4 potions of might {@q3}
 m - 5 potions of mutation
 p - 11 potions of heal wounds {@q1}
 q - a potion of lignification
 w - 8 potions of enlightenment
 z - 3 potions of resistance
 E - 7 potions of cancellation
 F - 6 potions of attraction
 P - 6 potions of berserk rage
 R - 2 potions of brilliance
 V - 6 potions of ambrosia
 Z - 5 potions of haste {@q5}
Miscellaneous
 C - a phial of floods


   Skills:
 + Level 17.0 Fighting
 - Level 12.0 Maces & Flails
 - Level 10.0 Armour
 + Level 15.4 Dodging
 - Level 10.0 Stealth
 + Level 18.6 Shields
 - Level 18.0 Spellcasting
 - Level 8.0 Hexes
 - Level 22.0 Summonings
 - Level 20.0 Necromancy
 - Level 14.0 Translocations
 - Level 5.0 Air Magic
 - Level 6.0 Earth Magic


You had 7 spell levels left.
You knew the following spells:

 Your Spells              Type           Power      Damage    Failure   Level
a - Animate Dead          Necr           100%       N/A       0%          4
b - Borgnjor's Vile Clut  Necr/Erth      71%        N/A       1%          5
c - Dragon's Call         Summ           71%        N/A       2%          9
d - Death Channel         Necr           81%        N/A       0%          6
f - Summon Forest         Summ/Tloc      66%        N/A       0%          5
h - Haunt                 Necr/Summ      83%        N/A       1%          7
m - Malign Gateway        Summ/Tloc      66%        N/A       1%          7
s - Summon Mana Viper     Hex/Summ       100%       N/A       1%          5
M - Manifold Assault      Tloc           60%        N/A       1%          7

Your spell library contained the following spells:

 Spells                   Type           Power      Damage    Failure   Level
 Apportation              Tloc           100%       N/A       0%          1
 Necrotise                Necr           100%       1d9       0%          1
 Slow                     Hex            100%       N/A       0%          1
 Summon Small Mammal      Summ           100%       N/A       0%          1
 Call Imp                 Summ           100%       N/A       0%          2
 Cigotuvi's Dreadful Rot  Necr/Alch/Air  100%       N/A       0%          2
 Lesser Beckoning         Tloc           100%       N/A       0%          2
 Sublimation of Blood     Necr           100%       N/A       0%          2
 Call Canine Familiar     Summ           100%       N/A       0%          3
 Fugue of the Fallen      Necr           100%       N/A       0%          3
 Summon Ice Beast         Ice/Summ       100%       N/A       0%          3
 Teleport Other           Tloc           100%       N/A       0%          3
 Vampiric Draining        Necr           100%       2d13      0%          3
 Anguish                  Hex/Necr       72%        N/A       0%          4
 Dispel Undead            Necr           100%       3d31      0%          4
 Martyr's Knell           Necr/Summ      100%       N/A       0%          4
 Passage of Golubria      Tloc           100%       N/A       0%          4
 Summon Lightning Spire   Summ/Air       100%       N/A       0%          4
 Curse of Agony           Necr           100%       N/A       0%          5
 Summon Cactus Giant      Summ           71%        N/A       0%          6
 Freeze                   Ice            100%       1d10      1%          1
 Magic Dart               Conj           100%       1d8       1%          1
 Ensorcelled Hibernation  Hex/Ice        100%       N/A       1%          2
 Jinxbite                 Hex            100%       N/A       1%          2
 Mercury Vapours          Alch/Air       100%       N/A       1%          2
 Momentum Strike          Conj/Tloc      100%       3d10      1%          2
 Scorch                   Fire           100%       2d9       1%          2
 Searing Ray              Conj           100%       2d8       1%          2
 Confusing Touch          Hex            99%        N/A       1%          3
 Dazzling Flash           Conj/Hex       100%       N/A       1%          3
 Frozen Ramparts          Ice            100%       1d16      1%          3
 Hailstorm                Conj/Ice       52%        3d10      1%          3
 Mephitic Cloud           Conj/Alch/Air  64%        N/A       1%          3
 Ozocubu's Armour         Ice            52%        N/A       1%          3
 Passwall                 Erth           89%        N/A       1%          3
 Sigil of Binding         Hex            99%        N/A       1%          3
 Swiftness                Air            84%        N/A       1%          3
 Tukima's Dance           Hex            99%        N/A       1%          3
 Volatile Blastmotes      Fire/Tloc      100%       2d18      1%          3
 Flame Wave               Conj/Fire      52%        2d13      1%          4
 Fulminant Prism          Conj/Alch      26%        3d14      1%          4
 Ignite Poison            Fire/Alch      52%        N/A       1%          4
 Iskenderun's Mystic Bla  Conj/Tloc      94%        2d18      (+2d11%     4
 Leda's Liquefaction      Alch/Erth      36%        N/A       1%          4
 Petrify                  Alch/Erth      73%        N/A       1%          4
 Summon Blazeheart Golem  Fire/Summ      100%       N/A       1%          4
 Vhi's Electric Charge    Tloc/Air       100%       N/A       1%          4
 Arcjolt                  Conj/Air       35%        1d45      1%          5
 Lee's Rapid Deconstruct  Erth           44%        3d21*     1%          5
 Metabolic Englaciation   Hex/Ice        39%        N/A       1%          5
 Silence                  Hex/Air        46%        N/A       1%          5
 Yara's Violent Unravell  Hex/Alch       39%        3d16      1%          5
 Dispersal                Tloc           60%        N/A       1%          6
 Gell's Gavotte           Tloc           60%        2d(38-57) 1%          6
 Monstrous Menagerie      Summ           71%        N/A       1%          7
 Spellforged Servitor     Conj/Summ      55%        N/A       1%          7
 Summon Hydra             Summ           71%        N/A       1%          7
 Freezing Cloud           Conj/Ice/Air   32%        6-21      2%          5
 Fireball                 Conj/Fire      26%        3d12      4%          5
 Irradiate                Conj/Alch      26%        3d20      4%          5
 Enfeeble                 Hex            49%        N/A       6%          7
 Bombard                  Conj/Erth      36%        9d6       8%          6
 Permafrost Eruption      Ice/Erth       36%        2x4d9     8%          6
 Plasma Beam              Fire/Air       35%        2x1d48    10%         6
 Eringya's Noxious Bog    Alch           26%        4d6       26%         6
 Sculpt Simulacrum        Ice/Alch       26%        N/A       26%         6
 Starburst                Conj/Fire      26%        6d8       26%         6
 Orb of Destruction       Conj           26%        9d9       78%         7
 Infestation              Necr           81%        N/A       1%          8
 Summon Horrible Things   Summ           71%        N/A       1%          8
 Disjunction              Tloc           60%        N/A       3%          8
 Maxwell's Capacitive Co  Air            42%        ∞         78%         8
 Chain Lightning          Conj/Air       35%        3d46      100%        9


Dungeon Overview and Level Annotations

Branches:
Dungeon (15/15)            Temple (1/1) D:6            Lair (5/5) D:8
  Swamp (4/4) Lair:3        Snake (4/4) Lair:2        Slime (5/5) Lair:4
    Orc (2/2) D:11            Elf (3/3) Orc:2        Vaults (5/5) D:13
  Crypt (3/3) Vaults:3       Tomb (0/3) Crypt:3      Depths (4/4) D:15
    Zot (5/5) Depths:4      IceCv (visited)          WizLab (visited)
Gauntlet (visited)

Altars:
Ashenzari
Cheibriados
Dithmenos
Fedhas
Gozag
Hepliaklqana
Kikubaaqudgha
Makhleb
Nemelex Xobeh
Okawaru
Qazlal
Ru
Sif Muna
Trog
Uskayaw
Vehumet
Wu Jian
Xom
Yredelemnul
Jiyva

Shops:
D:5 *   D:7 !   Orc:1 *:   Orc:2 :!(*   Elf:1 (?   Elf:2 :   Snake:3 :
Snake:4 ***   Vaults:1 !(=   Vaults:5 [=!(?!!!

Portals:
Hell: Depths:1 Depths:2 Depths:3 Depths:4
Abyss: Depths:1 Depths:3 Depths:4
Pandemonium: Depths:2
Trove: Elf:3 (give +5 demon blade)

Annotations:
Snake:2 2 transporters, exclusion: orange crystal statue
Slime:5 Royal Jelly


Innate Abilities, Weirdness & Mutations

Your natural rate of healing is accelerated.
You have razor-sharp teeth.
You have supernaturally acute eyesight. (SInv)
You are afflicted with vampirism and can become a bat while bloodless.
You have very sharp fingernails.
You are partially covered in iridescent scales. (AC +2)
You are agile. (Dex +4, Str/Int -1)
Your mind is acute. (Int +4, Str/Dex -1)
You are extremely strong-willed. (Will+++)
You are somewhat resistant to both further mutation and mutation removal.
Your body has grown eyes which may confuse attackers. (Acc +3)
Armour fits poorly on your large pseudopods.
Your translucent skin reduces your foes' accuracy. (Stealth+)
Potions are less effective at restoring your health.
Your movements are slightly less encumbered by armour. (ER -2)


Message History

Your shadow dragon claws the rakshasa but does no damage.
Your shadow dragon completely misses the rakshasa.
There is an open door here.
The rakshasa barely misses your shadow dragon.
Your shadow dragon closely misses the rakshasa.
Your shadow dragon claws the rakshasa.
Your shadow dragon claws the rakshasa!
A dragon arrives to answer your call! The rakshasa gestures at you.
The lance of force hits your shadow dragon!
Your shadow dragon is knocked back by the lance of force.
Your quicksilver dragon bites the rakshasa.
The injured rakshasa weaves a defensive illusion!
Your quicksilver dragon claws the rakshasa but does no damage.
You swap places.
Your quicksilver dragon bites the rakshasa but does no damage.
Your quicksilver dragon claws the rakshasa!
Your quicksilver dragon breathes dispelling energy at the rakshasa.
The bolt of dispelling energy hits the rakshasa!!!
The rakshasa dies!
Kikubaaqudgha accepts your kill.
The rakshasa shimmers and vanishes!
You swap places.
Things that are here:
a +0 whip; a +0 robe
There is an open door here.
The roar of the dragon horde subsides.
Your quicksilver dragon disappears in a puff of smoke!
There is an abandoned shop here.
A Bevin, a lich and a neqoxec come into view.
The neqoxec shouts!
Bevin gestures at you. The crystal spear hits you!!!
The neqoxec completely misses you.
Blink to where?
Press: ? - help, Q - select action, (/) - cycle Dir - move target
As you read the scroll of blinking {@r4}, it crumbles to dust.
You see here a deep dwarf skeleton.
You can once more reach out to the dragon horde.
There is a staircase leading out of the dungeon here.
You have escaped!

#...÷....##...#.######.##...
#........##...#.# #......
#..#.#...##...#.# #.∩..[.
##.._...####....######.∩#...
#.#.#..# ######∩∩∩##.##...
#......# ###.............
######## ##...3...........
##÷...L...........
#@..&.....÷..÷....
#####.....÷.......
##∩###∩###∩##. ### ### #####
## #. #.


You could see Bevin, a lich and a neqoxec.

Vanquished Creatures
  A dread lich (Crypt:3)
  Mennas (Crypt:3)
  2 golden dragons
  A bone dragon (Crypt:3)
  the Enchantress (Depths:2)
  A shard shrike zombie (Crypt:3)
  6 Orb Guardians
  A lich (Crypt:3)
  Mlioglotl (Snake:4)
  2 titans (Vaults:5)
  2 deep elf blademasters (Elf:3)
  A walking frostbound tome (WizLab)
  4 quicksilver dragons
  An ancient champion (Crypt:2)
  5 acid blobs
  2 tentacled starspawn (Abyss:2)
  4 sphinxes
  4 tengu reavers
  2 shadow dragons
  A storm dragon (Zot:1)
  A rockslime (Slime:5)
  2 nagarajas
  An azure jelly (Slime:1)
  Louise (Elf:1)
  18 vault wardens
  3 deep elf sorcerers
  A caustic shrike zombie (Crypt:2)
  3 deep elf elementalists (Elf:3)
  A curse skull (Crypt:3)
  A frost giant (Depths:4)
  3 ghouls
  A ghost moth (Zot:3)
  A draconian stormcaller (Zot:2)
  2 draconian scorchers (Zot:2)
  3 spriggan defenders
  A demonspawn blood saint (D:7)
  A draconian annihilator (Depths:4)
  A juggernaut skeleton (Crypt:3)
  17 ironbound preservers
  9 very ugly things
  6 caustic shrike skeletons (Depths:2)
  2 quicksilver oozes
  6 stone giants
  3 ironbound thunderhulks
  3 black draconians
  2 green draconians
  2 deep elf annihilators
  4 deep elf death magi
  3 eleionomae
  5 spark wasps
  3 deep elf demonologists
  3 yellow draconians
  2 white draconians
  3 war gargoyles
  Nessos (D:14)
  2 red draconians
  A bunyip (Lair:3)
  6 dire elephants
  2 purple draconians (Zot:2)
  2 crystal guardians
  An eidolon (Crypt:2)
  3 ettins
  8 jiangshi
  4 fire dragons
  A shambling mangrove (Swamp:4)
  A spectral spriggan (Crypt:1)
  5 yaktaur captains
  A deep elf high priest (Vaults:1)
  6 rakshasas
  A great orb of eyes (Slime:2)
  2 salamander tyrants
  2 caustic shrike simulacra (IceCv)
  2 entropy weavers (shapeshifter)
  5 peacekeepers
  6 vault guards
  8 hydras
  4 alligators
  7 ironbound frosthearts
  5 anacondas
  An ogre mage (D:15)
  3 spriggan air magi
  A death knight (Crypt:1)
  A boulder beetle (Orc:2)
  5 centaur warriors
  18 dancing weapons
  A ghost crab (Swamp:4)
  A spriggan skeleton (Crypt:2)
  4 tengu warriors
  3 spectral stone giants (Crypt:1)
  4 two-headed ogres
  3 hell hogs
  2 deep troll shamans (Depths:1)
  6 death yaks (Depths:2)
  5 naga warriors
  2 soul eaters
  4 naga sharpshooters
  3 thrashing horrors
  8 spriggan berserkers
  4 sun demons (Depths:4)
  A spectral storm dragon (Crypt:1)
  2 vampire magi
  2 hell knights (Depths:4)
  2 shock serpents
  3 orc high priests
  A titan skeleton (Crypt:3)
  17 deep elf knights
  An iron troll (Depths:1)
  3 salamander mystics
  26 skeletal warriors
  A skyshark (shapeshifter) (Elf:1)
  A spatial maelstrom (Zig:2)
  3 spriggan riders
  3 sea snakes (Snake:2)
  39 deep trolls
  A bunyip zombie (Crypt:2)
  A sixfirhy (Abyss:2)
  3 skysharks
  6 mana vipers
  4 naga ritualists
  8 arcanists
  8 bog bodies
  19 deep elf archers
  A spectral anaconda (Crypt:1)
  2 goliath frogs (Swamp:1)
  6 spriggan druids
  A shadow demon (D:7)
  A spriggan simulacrum (IceCv)
  4 swamp dragons
  An ugly thing zombie (D:15)
  2 death drakes
  4 necromancers
  4 phantasmal warriors
  7 lindwurms
  5 orc knights
  20 ironbound convokers
  3 harpies (Vaults:3)
  22 deep elf pyromancers
  An obsidian bat (Orc:2)
  2 harpies (shapeshifter)
  A wolf spider (Lair:5)
  21 deep elf zephyrmancers
  9 salamanders
  3 cyclopes
  6 moths of wrath
  A meliai (D:13)
  33 ugly things
  A kobold blastminer (Orc:2)
  4 large abominations (Abyss:2)
  An elephant (Lair:4)
  A manticore (D:14)
  3 guardian serpents
  21 black mambas
  2 stone giant skeletons
  8 naga magi
  A smoke demon (Abyss:2)
  5 cane toads
  6 vault sentinels
  A naga skeleton (Crypt:3)
  A dire elephant skeleton (Crypt:3)
  An orange demon (Abyss:2)
  A cane toad (shapeshifter) (Elf:1)
  3 gargoyles
  27 yaktaurs
  A centaur skeleton (D:15)
  An unseen horror (D:12)
  4 freezing wraiths
  A komodo dragon (Lair:1)
  An anaconda simulacrum (IceCv)
  6 tengu conjurers
  Psyche (D:8)
  7 guardian mummies (Crypt:1)
  A death yak zombie (Crypt:1)
  2 ice devils
  A harpy zombie (Abyss:2)
  A spectral harpy (Crypt:1)
  6 trolls
  14 hornets
  4 tyrant leeches
  A harpy skeleton (Crypt:3)
  A hydra skeleton (Crypt:2)
  2 blink frogs
  A fire dragon zombie (Crypt:2)
  A centaur simulacrum (D:15)
  A wind drake (shapeshifter) (Elf:1)
  3 shadows
  2 water elementals
  4 fire dragon skeletons (Crypt:3)
  27 spriggans
  8 slime creatures
  An air elemental (Elf:1)
  8 wraiths
  A yak (shapeshifter) (D:14)
  2 ynoxinuls (Abyss:2)
  3 dire elephant simulacra (IceCv)
  2 wyverns (Lair:5)
  4 starcursed masses (Zig:2)
  7 yaks
  2 basilisks
  A warg (D:15)
  A basilisk (shapeshifter) (D:14)
  A neqoxec (Abyss:2)
  A human (shapeshifter) (D:11)
  A minotaur simulacrum (IceCv)
  2 fire elementals (Elf:2)
  A redback (Lair:5)
  A vampire mosquito (D:11)
  10 nagas
  2 swamp worms (Swamp:2)
  An acid dragon (D:13)
  A glowing shapeshifter zombie (Crypt:1)
  2 harpy simulacra (IceCv)
  A hell hound (Gauntlet)
  6 water moccasins
  A two-headed ogre skeleton (Crypt:1)
  16 orc warriors
  7 swamp drakes
  An elf zombie (D:13)
  3 sky beasts
  An ettin simulacrum (IceCv)
  12 laughing skulls
  5 wolves
  A centaur (D:7)
  4 ogres
  A phantom (D:4)
  A kobold brigand (D:8)
  A yaktaur zombie (Vaults:5)
  A brain worm (Abyss:2)
  A draconian zombie (Crypt:2)
  A bullfrog (D:8)
  2 weeping skulls (Abyss:2)
  2 small abominations (Abyss:2)
  3 scorpions (D:4)
  2 earth elementals
  A spriggan zombie (Swamp:1)
  A water moccasin skeleton (Crypt:2)
  A yak zombie (D:12)
  5 killer bees (D:11)
  A troll skeleton (Crypt:2)
  6 nameless horrors
  10 electric eels
  2 howler monkeys
  2 iguanas
  9 orc priests
  2 hounds (D:5)
  A basilisk skeleton (Crypt:2)
  7 orc wizards
  5 mummies (Crypt:3)
  A gnoll (D:6)
  3 adders
  2 white imps
  A dart slug (D:1)
  A ribbon worm (D:2)
  36 orcs
  6 ball pythons
  4 bats
  2 endoplasms
  2 giant cockroaches (D:4)
  10 goblins
  5 hobgoblins
  A jackal (D:1)
  6 kobolds
  4 quokkas
  3 training dummies (Elf:1)
  A frilled lizard (D:3)
  A frilled lizard skeleton (Crypt:1)
  4 rats
  A rat skeleton (Crypt:1)
  3 starspawn tentacles (Abyss:2)
1108 creatures vanquished.

Vanquished Creatures (collateral kills)
  2 dread liches (Vaults:5)
  Frederick (Crypt:3)
  3 ancient liches (Zot:5)
  7 orbs of fire (Zot:5)
  Mara (Depths:2)
  Vv (Depths:2)
  A royal mummy (Crypt:1)
  2 Killer Klowns (Zot:5)
  the Lernaean hydra (Swamp:4)
  A curse toe (Zot:5)
  Saint Roka (Elf:3)
  7 golden dragons
  Jory (Crypt:3)
  Norris (Vaults:4)
  A bone dragon (Depths:4)
  A pandemonium lord (Zig:1)
  3 electric golems
  21 Orb Guardians
  15 tentacled monstrosities
  Jorgrun (D:12)
  A walking divine tome (WizLab)
  5 liches
  2 walking earthen tomes
  5 quicksilver dragons
  Asterion (Vaults:2)
  A deep elf master archer (Elf:3)
  4 sphinxes
  4 titans (Vaults:5)
  An ancient champion (Crypt:1)
  10 death cobs
  7 acid blobs
  An Executioner (Depths:1)
  A tentacled starspawn (Abyss:2)
  Agnes (Elf:1)
  4 revenants
  The ghost of Gorgor the Warrior, an adept MiFi of Trog (Elf:1)
  10 storm dragons
  5 draconian monks
  A nagaraja (Snake:4)
  A tengu reaver (Vaults:5)
  A fenstrider witch (Swamp:3)
  10 shadow dragons
  A strange machine (WizLab)
  Aizul (Snake:1)
  3 protean progenitors
  4 draconian knights
  9 azure jellies
  An emperor scorpion (Depths:2)
  5 frost giants
  2 iron dragons
  4 fire giants
  2 draconian scorchers
  A spectral caustic shrike (Crypt:1)
  10 rockslimes
  5 deep elf sorcerers (Elf:3)
  12 vault wardens
  An angel (Zot:1)
  5 draconian shifters
  2 ghost moths
  3 deep elf elementalists (Elf:3)
  A caustic shrike skeleton (Crypt:3)
  5 draconian stormcallers
  2 orc warlords
  3 ghouls
  A demonspawn corrupter (D:7)
  2 reapers
  8 ironbound preservers
  3 spriggan defenders (Depths:2)
  6 draconian annihilators
  11 stone giants
  8 quicksilver oozes
  8 very ugly things
  11 green draconians
  The ghost of kae the Warrior, a journeyman CoGl of Okawaru (Lair:3)
  12 black draconians
  7 purple draconians
  4 war gargoyles
  4 deep elf demonologists
  5 deep elf annihilators (Elf:3)
  2 spark wasps (Depths:1)
  11 yellow draconians
  2 deep elf death magi
  8 dire elephants
  8 white draconians
  3 bunyips
  A minotaur (Gauntlet)
  6 red draconians
  6 ettins
  A jiangshi (Crypt:1)
  3 mummy priests (Crypt:1)
  2 crystal guardians
  2 fire dragons
  8 yaktaur captains
  Josephine (Lair:4)
  2 spectral spriggans (Crypt:1)
  An ice dragon (Depths:3)
  12 hydras
  2 great orbs of eyes
  A salamander tyrant (Snake:4)
  2 hell beasts
  29 vault guards
  6 rakshasas
  Harold (Orc:1)
  4 ghost crabs
  3 ogre magi
  Erica (D:11)
  2 peacekeepers (Vaults:3)
  3 anacondas
  3 spriggan air magi (Depths:2)
  A caustic shrike simulacrum (IceCv)
  7 two-headed ogres
  2 boulder beetles
  3 alligators
  8 ironbound frosthearts
  4 centaur warriors (Vaults:1)
  A deep troll shaman (Depths:3)
  3 vampire magi
  13 dancing weapons
  A tengu warrior (D:15)
  6 death yaks
  2 hell hogs (Depths:4)
  8 naga sharpshooters
  2 deep troll earth magi
  3 deep elf knights
  4 naga warriors
  4 spriggan berserkers
  5 shock serpents (Snake:3)
  7 hell knights
  4 orc high priests (Orc:2)
  Nergalle (Lair:3)
  A wretched star (Abyss:2)
  A sun demon (Depths:4)
  3 soul eaters (Depths:4)
  2 cyclopes (shapeshifter)
  14 skeletal warriors
  A skyshark (Lair:5)
  A goliath frog (Swamp:4)
  Amaemon (Lair:3)
  2 spriggan riders
  A salamander mystic (Snake:3)
  A death drake (shapeshifter) (Vaults:5)
  36 deep trolls
  4 spriggan druids
  3 naga ritualists
  A sea snake (Snake:2)
  A spriggan simulacrum (IceCv)
  4 mana vipers
  5 phantasmal warriors (Vaults:5)
  A spectral hydra (Crypt:1)
  2 obsidian statues
  4 flayed ghosts
  3 arcanists
  2 deep elf archers
  7 bog bodies
  3 thermic dynamos
  11 ironbound convokers
  9 swamp dragons
  Pikel (D:8)
  4 deep elf zephyrmancers
  A necromancer (Depths:4)
  A harpy (Vaults:3)
  A lindwurm (Lair:4)
  An oklob plant (Lair:3)
  2 steelbarb worms (Zot:2)
  3 orc knights (Orc:2)
  8 shining eyes
  4 orc sorcerers
  10 deep elf pyromancers
  A manticore (D:15)
  A spectral ettin (Crypt:1)
  A spectral merfolk (Crypt:1)
  A wolf spider (Lair:5)
  4 will-o-the-wisps
  A faun (shapeshifter) (Elf:1)
  8 salamanders
  15 moths of wrath
  11 ugly things
  An iron dragon skeleton (Crypt:1)
  13 elephants (Lair:4)
  4 cyclopes
  A guardian serpent (Snake:4)
  2 meliai (D:13)
  3 large abominations (Depths:1)
  A toenail golem (D:1)
  4 naga magi
  A rust devil (D:6)
  2 cane toads (shapeshifter) (Elf:1)
  18 black mambas
  A black mamba (shapeshifter) (Vaults:3)
  2 gargoyles (Crypt:3)
  A centaur skeleton (Crypt:3)
  A smoke demon (Abyss:2)
  6 vault sentinels
  An eye of devastation (Slime:3)
  17 cane toads
  A redback zombie (D:15)
  3 rime drakes
  Jeremiah (D:8)
  Maggie (Lair:2)
  An orange demon (Lair:3)
  2 swamp worm zombies (Swamp:2)
  An alligator snapping turtle skeleton (Crypt:3)
  2 yaktaurs (shapeshifter)
  20 yaktaurs
  21 freezing wraiths
  A tengu conjurer (D:15)
  10 komodo dragons
  3 guardian mummies
  An ice devil (IceCv)
  3 anaconda simulacra (IceCv)
  A merfolk (Vaults:3)
  A spectral harpy (Crypt:1)
  3 trolls
  A queen bee (D:11)
  6 blink frogs
  A hydra zombie (Swamp:2)
  4 tyrant leeches
  A polar bear (Lair:5)
  An alligator simulacrum (IceCv)
  16 hornets
  3 glass eyes
  A spectral black mamba (Crypt:1)
  47 slime creatures
  19 spriggans
  2 water elementals (D:14)
  An ushabti (Crypt:3)
  A ynoxinul (D:8)
  A human (D:13)
  11 wraiths
  48 yaks
  4 dire elephant simulacra (IceCv)
  A yak (shapeshifter) (Elf:1)
  15 wyverns
  A tyrant leech zombie (Swamp:2)
  3 golden eyes (Slime:3)
  Eustachio (D:5)
  4 wargs
  2 vampire mosquitoes (D:11)
  A steam dragon (D:8)
  3 basilisks
  15 nagas
  A chaos spawn (Abyss:2)
  A redback (Lair:5)
  A naga zombie (Crypt:3)
  An ogre zombie (D:15)
  10 swamp worms
  2 acid dragons
  13 water moccasins
  A hell hound (Gauntlet)
  A meliai simulacrum (D:15)
  10 swamp drakes
  4 black bears
  A black bear (shapeshifter) (Elf:1)
  An ice beast (D:8)
  2 laughing skulls (Crypt:3)
  20 orc warriors
  11 wolves
  An ogre (shapeshifter) (Elf:1)
  10 ogres
  3 centaurs
  2 phantoms
  2 kobold brigands
  9 bullfrogs
  A deep troll simulacrum (IceCv)
  A scorpion (D:6)
  9 wights
  18 killer bees (D:11)
  A tengu zombie (D:15)
  A lindwurm simulacrum (IceCv)
  An electric eel (D:9)
  3 howler monkeys (D:9)
  3 hounds (D:5)
  2 lava snakes (D:7)
  6 jellies (Lair:4)
  16 orc priests
  3 scrub nettles (Lair:1)
  A gnoll bouda (D:6)
  4 iguanas
  23 orc wizards
  A nameless horror (Lair:3)
  An ogre skeleton (Crypt:1)
  5 mummies (Crypt:3)
  Robin (D:2)
  4 gnolls (D:6)
  A swamp drake zombie (Swamp:1)
  5 adders
  2 ufetubi (D:6)
  An adder zombie (Crypt:1)
  A ribbon worm (shapeshifter) (Vaults:2)
  54 orcs
  A ball python (D:4)
  2 bats
  4 endoplasms
  2 giant cockroaches
  3 hobgoblins
  A jackal (D:1)
  9 kobolds
  3 frilled lizards
  2 goblins (D:2)
  An orc zombie (Orc:2)
  A rat (D:1)
  4 aspiring fleshes
  3 starspawn tentacles (Abyss:2)
1431 creatures vanquished.

Vanquished Creatures (others)
  7 acid blobs
  9 eldritch tentacles
  3 rockslimes
  5 azure jellies
  A storm dragon (Zot:5)
  A deep elf sorcerer (Elf:3)
  An ironbound preserver (Vaults:5)
  A rockslime zombie (Slime:5)
  5 quicksilver oozes
  4 formless jellyfish
  A deep elf annihilator (Elf:3)
  2 very ugly thing zombies
  2 acid blob zombies
  5 great orbs of eyes
  A deep elf high priest (Vaults:5)
  A rakshasa (WizLab)
  An alligator (Swamp:3)
  An Orb Guardian zombie (Zot:5)
  A dancing weapon (Elf:2)
  2 azure jelly zombies
  3 quicksilver ooze zombies (Slime:1)
  A storm dragon zombie (Zot:5)
  2 deep elf knights (Elf:2)
  An emperor scorpion zombie (Depths:2)
  A goliath frog (Swamp:3)
  3 golden dragon zombies
  3 shadow dragon zombies
  2 glowing orange brains
  3 lindwurms (Vaults:1)
  A deep elf zephyrmancer (Elf:3)
  An ironbound convoker (Vaults:1)
  3 alligator zombies
  A necromancer (Vaults:1)
  A frost giant zombie (Vaults:5)
  2 hell hog zombies (Abyss:2)
  4 draconian zombies
  3 stone giant zombies
  2 goliath frog zombies
  A moth of wrath (Zot:3)
  2 ugly things
  3 centaur zombies (Vaults:1)
  2 dire elephant zombies
  4 shock serpent zombies
  A formless jellyfish zombie (Slime:2)
  A mana viper zombie (Snake:4)
  A vault sentinel (Vaults:2)
  A purple draconian zombie (Zot:5)
  A smoke demon (Abyss:2)
  2 green draconian zombies (Zot:5)
  A yellow draconian zombie (Zot:2)
  A black draconian zombie (Zot:5)
  A white draconian zombie (Zot:4)
  A swamp worm zombie (Swamp:2)
  4 yaktaurs
  5 bloated husks
  A death drake zombie (Swamp:4)
  4 moth of wrath zombies
  A glass eye (Depths:3)
  12 ugly thing zombies
  2 fire dragon zombies
  An ettin zombie (Vaults:5)
  32 slime creatures
  8 black mamba zombies
  4 spriggans
  A spriggan (shapeshifter) (D:13)
  6 slime creature zombies
  4 tengu zombies
  2 water moccasins (D:8)
  19 deep troll zombies
  5 cane toad zombies
  2 two-headed ogre zombies
  12 hornet zombies
  15 elf zombies
  28 human zombies
  A swamp dragon zombie (Swamp:4)
  2 lindwurm zombies (Vaults:4)
  3 blink frog zombies (Lair:4)
  3 elephant zombies (Lair:4)
  9 salamander zombies
  2 komodo dragon zombies
  A rime drake zombie (Lair:5)
  12 yaktaur zombies
  2 warg zombies
  3 wyvern zombies (Lair:5)
  3 water moccasin zombies (Lair:5)
  A polar bear zombie (Lair:5)
  265 jellies
  24 spriggan zombies
  2 troll zombies (D:13)
  7 yak zombies
  A crimson imp (Abyss:2)
  An iron imp (Abyss:2)
  A boggart skeleton (Crypt:2)
  An acid dragon zombie (D:13)
  10 naga zombies
  A brain worm zombie (Abyss:2)
  5 ogre zombies (D:15)
  A mummy (Crypt:3)
  3 swamp drake zombies (Swamp:4)
  3 jelly zombies (Lair:4)
  A bombardier beetle zombie (Crypt:1)
  2 endoplasm zombies (Lair:4)
  A jackal zombie (Crypt:1)
  47 orc zombies
  10 foxfires
  29 snaplasher vines
  10 spectral weapons
  5 starspawn tentacles (Abyss:2)
754 creatures vanquished.

Grand Total: 3293 creatures vanquished

Notes
Turn   | Place    | Note
-------+----------+-------------------------------------------
     0 | D:1      | Nyxathid the Vampire Summoner began the quest for the Orb.
     0 | D:1      | Reached XP level 1. HP: 13/13 MP: 3/3
   140 | D:1      | Reached XP level 2. HP: 15/19 MP: 3/5
   660 | D:1      | Found a faded altar of an unknown god.
   942 | D:2      | Noticed Robin
   945 | D:2      | Gained mutation: You are afflicted with vampirism and can
                  | become a bat while bloodless. [Vampire growth]
   945 | D:2      | Reached XP level 3. HP: 19/23 MP: 4/7
   975 | D:2      | Killed Robin
  1187 | D:2      | Reached XP level 4. HP: 29/30 MP: 5/8
  1389 | D:2      | Learned a level 3 spell: Call Canine Familiar
  1394 | D:2      | Learned a level 4 spell: Summon Lightning Spire
  2178 | D:3      | Reached skill level 1 in Air Magic
  2216 | D:3      | You fall into a shaft and drop 3 floors!
  2266 | D:5      | Entered Level 5 of the Dungeon
  2304 | D:5      | Noticed a water moccasin
  2314 | D:5      | Reached skill level 5 in Summonings
  2325 | D:5      | Killed a water moccasin
  2326 | D:5      | Reached XP level 5. HP: 35/35 MP: 1/10
  2457 | D:5      | Found Romiag's Overcharged Wands.
  2639 | D:4      | Reached XP level 6. HP: 19/41 MP: 7/11
  3163 | D:4      | Reached XP level 7. HP: 23/46 MP: 10/13
  3342 | D:4      | Found a bloodstained altar of Trog.
  4090 | D:5      | Noticed Eustachio
  4107 | D:5      | Killed Eustachio
  4108 | D:5      | Reached skill level 6 in Summonings
  4108 | D:5      | Reached skill level 5 in Air Magic
  4195 | D:5      | Reached skill level 5 in Spellcasting
  4300 | D:5      | Reached XP level 8. HP: 49/52 MP: 8/15
  4566 | D:5      | Gained mutation: You expend magic power (3 MP) to
                  | strengthen your wands. [potion of mutation]
  4566 | D:5      | Gained mutation: You have large cloven feet. [potion of
                  | mutation]
  4572 | D:5      | Reached skill level 7 in Summonings
  5391 | D:6      | Found a staircase to the Ecumenical Temple.
  5788 | Temple   | Entered the Ecumenical Temple
  5793 | Temple   | Became a worshipper of Kikubaaqudgha
  5837 | D:7      | Found Jauntes's Distillery.
  5844 | D:7      | Reached skill level 8 in Summonings
  5844 | D:7      | Reached skill level 1 in Necromancy
  5856 | D:7      | Bought a potion of curing for 48 gold pieces
  5879 | D:7      | Found a shimmering altar of Xom.
  6035 | D:7      | Reached XP level 9. HP: 57/57 MP: 13/19
  7006 | D:8      | Reached * piety under Kikubaaqudgha
  7006 | D:8      | Received a gift from Kikubaaqudgha
  7186 | D:8      | Reached skill level 9 in Summonings
  7255 | D:8      | Reached skill level 5 in Necromancy
  7293 | D:8      | Reached XP level 10. HP: 40/63 MP: 22/22
  7400 | D:8      | HP: 2/61 [orc warrior/+0 halberd (13)]
  7513 | D:8      | Noticed Pikel
  7521 | D:8      | Killed Pikel
  7523 | D:8      | Reached ** piety under Kikubaaqudgha
  7542 | D:8      | Reached skill level 10 in Summonings
  7559 | D:8      | Noticed Psyche
  7579 | D:8      | Killed Psyche
  7733 | D:8      | Paralysed by a hornet for 2 turns
  7833 | D:8      | Found a staircase to the Lair.
  8134 | D:8      | Noticed Jeremiah
  8175 | D:8      | Killed Jeremiah
  8176 | D:8      | Reached XP level 11. HP: 64/68 MP: 20/24
  8444 | D:8      | Reached skill level 11 in Summonings
  9104 | D:9      | Reached skill level 10 in Spellcasting
  9178 | D:9      | Reached *** piety under Kikubaaqudgha
  9178 | D:9      | Received a gift from Kikubaaqudgha
  9958 | D:10     | Entered Level 10 of the Dungeon
  9958 | D:10     | Noticed a two-headed ogre
  9967 | D:10     | Killed a two-headed ogre
  9968 | D:10     | Reached skill level 1 in Fighting
 10011 | D:10     | Reached skill level 1 in Earth Magic
 10288 | D:10     | Noticed a two-headed ogre
 10298 | D:10     | Killed a two-headed ogre
 10450 | D:10     | Reached skill level 5 in Stealth
 10616 | D:10     | Identified a scroll of acquirement
 10789 | D:11     | Found a staircase to the Orcish Mines.
 10852 | D:11     | Reached **** piety under Kikubaaqudgha
 11049 | D:11     | Noticed a boulder beetle
 11067 | D:11     | Killed a boulder beetle
 11214 | D:11     | Noticed Erica
 11226 | D:11     | Killed Erica
 11396 | D:11     | Reached XP level 12. HP: 64/81 MP: 24/26
 11605 | Lair:1   | Entered Level 1 of the Lair of Beasts
 11886 | Lair:1   | Reached skill level 5 in Dodging
 11886 | Lair:1   | You fall into a shaft and drop 1 floor!
 11915 | Lair:2   | Found a staircase to the Snake Pit.
 11943 | Lair:2   | Reached skill level 10 in Necromancy
 12063 | Lair:2   | Found a sparkling altar of Nemelex Xobeh.
 13106 | Lair:2   | Noticed Maggie
 13118 | Lair:2   | Killed Maggie
 13668 | Lair:3   | Noticed Nergalle
 13685 | Lair:3   | Killed Nergalle
 13856 | Lair:3   | Reached skill level 5 in Earth Magic
 13899 | Lair:3   | Noticed a six-headed hydra
 13903 | Lair:3   | Killed a six-headed hydra
 14021 | Lair:3   | Found a transporter.
 14032 | Lair:3   | Noticed kae's ghost (journeyman CoGl)
 14040 | Lair:3   | Found a transporter.
 14092 | Lair:3   | Noticed Amaemon
 14105 | Lair:3   | Killed Amaemon
 14282 | Lair:3   | Reached skill level 5 in Fighting
 14292 | Lair:3   | Reached XP level 13. HP: 35/91 MP: 22/28
 14434 | Lair:3   | Reached ***** piety under Kikubaaqudgha
 14508 | Lair:3   | Found a staircase to the Swamp.
 14583 | Lair:3   | Identified the +1 chain mail of Kindness {^Contam ^Drain
                  | rN+++ MP+9}
 14662 | Lair:3   | Reached skill level 10 in Stealth
 15291 | Lair:3   | Learned a level 4 spell: Animate Dead
 15298 | Lair:3   | Learned a level 6 spell: Death Channel
 15304 | Lair:3   | Learned a level 5 spell: Borgnjor's Vile Clutch
 15312 | Lair:3   | Learned a level 7 spell: Haunt
 15388 | Lair:4   | Found a viscous altar of Jiyva.
 15388 | Lair:4   | Found a staircase to the Slime Pits.
 16148 | Lair:4   | Noticed Josephine
 16167 | Lair:4   | Killed Josephine
 16613 | Lair:4   | Learned a level 5 spell: Summon Forest
 16614 | Lair:5   | Entered Level 5 of the Lair of Beasts
 16622 | Lair:5   | Reached skill level 1 in Hexes
 16673 | Lair:5   | Reached skill level 1 in Translocations
 16762 | Lair:5   | Reached XP level 14. HP: 97/101 MP: 8/30
 16900 | Lair:5   | Reached ****** piety under Kikubaaqudgha
 17211 | Lair:5   | Reached skill level 5 in Hexes
 18218 | D:8      | Identified a +2 demon whip of pain (a +0 demon whip of
                  | venom bloodied by Kikubaaqudgha)
 18218 | D:8      | Received a gift from Kikubaaqudgha
 18401 | Orc:1    | Entered Level 1 of the Orcish Mines
 18680 | Orc:1    | Found Kuxogay's Assorted Antiques.
 18724 | Orc:1    | Noticed Harold
 18733 | Orc:1    | Killed Harold
 18775 | Orc:1    | Found Ikawnoja's Vocational Training.
 19031 | Orc:2    | Entered Level 2 of the Orcish Mines
 19031 | Orc:2    | Found a shimmering altar of Xom.
 19104 | Orc:2    | Found a gate leading to a gauntlet.
 19114 | Gauntlet | Entered a Gauntlet
 19114 | Gauntlet | Found a transporter.
 19123 | Gauntlet | Noticed a quicksilver ooze
 19195 | Gauntlet | Found a transporter.
 19211 | Gauntlet | Found a transporter.
 19215 | Gauntlet | Found a transporter.
 19217 | Gauntlet | Found a large runed translucent door.
 19217 | Gauntlet | Found a large runed translucent door.
 19218 | Gauntlet | Found a large runed translucent door.
 19219 | Gauntlet | Found a large runed translucent door.
 19219 | Gauntlet | Found a large runed translucent door.
 19219 | Gauntlet | Found a runed translucent door.
 19220 | Gauntlet | Found a large runed translucent door.
 19221 | Gauntlet | Found a large runed translucent door.
 19222 | Gauntlet | Found a large runed translucent door.
 19222 | Gauntlet | Found a large runed translucent door.
 19223 | Gauntlet | Found a runed translucent gate.
 19231 | Gauntlet | Found a runed translucent gate.
 19231 | Gauntlet | Found a transporter.
 19232 | Gauntlet | Found a runed translucent gate.
 19232 | Gauntlet | Found a runed translucent door.
 19234 | Gauntlet | Found a large runed translucent door.
 19234 | Gauntlet | Found a large runed translucent door.
 19235 | Gauntlet | Found a large runed translucent door.
 19236 | Gauntlet | Found a large runed translucent door.
 19245 | Gauntlet | Found a transporter.
 19258 | Gauntlet | Found a transporter.
 19275 | Gauntlet | Found a transporter.
 19279 | Gauntlet | Found a transporter.
 19287 | Gauntlet | Found a transporter.
 19310 | Gauntlet | Found a transporter.
 19310 | Gauntlet | Found a transporter.
 19340 | Gauntlet | Found a large runed translucent door.
 19341 | Gauntlet | Found a large runed translucent door.
 19341 | Gauntlet | Found a large runed translucent door.
 19394 | Gauntlet | Killed a quicksilver ooze
 19447 | Gauntlet | Identified the +1 robe "Uferobymp" {Will+}
 19449 | Gauntlet | Identified the ring of the Shining Light {rPois rN+ AC+4
                  | Str+3}
 19569 | Gauntlet | Identified the -2 helmet of Space {rC- Str+3 Dex+3}
 19795 | Gauntlet | Identified the amulet "Joteek" {-Cast Harm Will+ Regen+
                  | Dex+3}
 20095 | Orc:2    | Found a staircase to the Elven Halls.
 20478 | Orc:2    | Reached skill level 5 in Translocations
 20591 | Orc:2    | Reached XP level 15. HP: 103/110 MP: 9/31
 20600 | Orc:2    | Found Hieph's Assorted Antiques.
 20600 | Orc:2    | Found Ushumoub's Book Boutique.
 20608 | Orc:2    | Reached skill level 10 in Dodging
 20646 | Orc:2    | Found Povvellieje's Distillery.
 20646 | Orc:2    | Found Emetor's Antique Weapon Emporium.
 20658 | Orc:2    | Bought a scroll of teleportation for 78 gold pieces
 20942 | Lair:3   | Killed kae's ghost
 21308 | Slime:1  | Entered Level 1 of the Pits of Slime
 21347 | Slime:1  | Noticed an acid blob
 21348 | Slime:1  | Noticed an azure jelly
 21351 | Slime:1  | Noticed a rockslime
 21351 | Slime:1  | Gained mutation: Your health recovers twice as slowly from
                  | being drained. [a shining eye]
 21352 | Slime:1  | Noticed an acid blob
 21353 | Slime:1  | Killed an acid blob
 21360 | Slime:1  | Killed an acid blob
 21362 | Slime:1  | Killed a rockslime
 21369 | Slime:1  | Gained mutation: You are dopey. (Int -2) [a shining eye]
 21374 | Slime:1  | Noticed an acid blob
 21375 | Slime:1  | Noticed an acid blob
 21380 | Slime:1  | Killed an acid blob
 21382 | Slime:1  | Killed an acid blob
 21386 | Slime:1  | Noticed a rockslime
 21388 | Slime:1  | Noticed an azure jelly
 21388 | Slime:1  | Killed a rockslime
 21391 | Slime:1  | Killed an azure jelly
 21434 | Slime:1  | Noticed an azure jelly
 21443 | Slime:1  | Killed an azure jelly
 21693 | Slime:1  | Noticed a rockslime
 21702 | Slime:1  | Killed a rockslime
 21979 | Slime:2  | Noticed an azure jelly
 21981 | Slime:2  | Noticed a rockslime
 21983 | Slime:2  | Noticed an acid blob
 21983 | Slime:2  | Noticed an acid blob
 21985 | Slime:2  | Killed an azure jelly
 21987 | Slime:2  | Noticed a rockslime
 21990 | Slime:2  | Killed a rockslime
 21993 | Slime:2  | Killed a rockslime
 22056 | Slime:3  | Noticed an azure jelly
 22058 | Slime:3  | Gained mutation: You are clumsy. (Dex -2) [a shining eye]
 22063 | Slime:3  | Killed an azure jelly
 22066 | Slime:3  | Noticed a rockslime
 22073 | Slime:3  | Killed a rockslime
 22116 | Slime:4  | Noticed a rockslime
 22121 | Slime:4  | Noticed an azure jelly
 22122 | Slime:4  | Noticed an acid blob
 22123 | Slime:4  | Killed a rockslime
 22124 | Slime:4  | Killed an azure jelly
 22125 | Slime:4  | Killed an acid blob
 22195 | Slime:5  | Entered Level 5 of the Pits of Slime
 22195 | Slime:5  | Noticed an azure jelly
 22202 | Slime:5  | Killed an azure jelly
 22211 | Slime:5  | Noticed a rockslime
 22219 | Slime:5  | Killed a rockslime
 22254 | Slime:5  | Noticed a rockslime
 22269 | Slime:5  | Killed a rockslime
 22273 | Slime:5  | Noticed an acid blob
 22279 | Slime:5  | Killed an acid blob
 22281 | Slime:5  | Noticed an azure jelly
 22283 | Slime:5  | Killed an azure jelly
 22284 | Slime:5  | Reached XP level 16. HP: 96/120 MP: 33/33
 22391 | Slime:5  | Noticed an acid blob
 22399 | Slime:5  | Noticed the Royal Jelly
 22403 | Slime:5  | Noticed an acid blob
 22562 | Slime:3  | Noticed an acid blob
 22661 | Slime:2  | Reached skill level 10 in Fighting
 22770 | Lair:4   | Lost mutation: You have large cloven feet. [potion of
                  | mutation]
 22770 | Lair:4   | Lost mutation: You expend magic power (3 MP) to strengthen
                  | your wands. [potion of mutation]
 22770 | Lair:4   | Gained mutation: Your magical capacity is low. (-10% MP)
                  | [potion of mutation]
 22770 | Lair:4   | Gained mutation: You have hidden genetic potential. [potion
                  | of mutation]
 22771 | Lair:4   | Lost mutation: You are dopey. (Int -2) [potion of mutation]
 22771 | Lair:4   | Lost mutation: You are clumsy. (Dex -2) [potion of
                  | mutation]
 22771 | Lair:4   | Lost mutation: Your health recovers twice as slowly from
                  | being drained. [potion of mutation]
 22771 | Lair:4   | Gained mutation: Your body sometimes deteriorates upon
                  | taking damage. [potion of mutation]
 22771 | Lair:4   | Gained mutation: Your spells are a little harder to cast,
                  | but a little more powerful. [potion of mutation]
 22808 | Lair:4   | Learned a level 5 spell: Summon Mana Viper
 22808 | Lair:4   | Fell from the grace of Kikubaaqudgha
 22808 | Lair:4   | Became a worshipper of Jiyva Joblerph the Shapeless
 23264 | D:12     | Identified the +1 robe of the Gods {rN+ rCorr}
 23661 | D:12     | Learned a level 4 spell: Dispel Undead
 24009 | D:12     | Noticed Jorgrun
 24029 | D:12     | Killed Jorgrun
 24030 | D:12     | Reached skill level 15 in Necromancy
 24085 | D:12     | Reached * piety under Jiyva
 24721 | D:13     | Reached ** piety under Jiyva
 25130 | D:13     | Found a gate to the Vaults.
 25344 | D:14     | Found an ornate altar of the Wu Jian Council.
 25453 | D:14     | Reached *** piety under Jiyva
 25764 | D:14     | Lost mutation: Your body sometimes deteriorates upon taking
                  | damage. [Jiyva's grace]
 25764 | D:14     | Lost mutation: Your magical capacity is low. (-10% MP)
                  | [Jiyva's grace]
 25764 | D:14     | Gained mutation: Your skin changes colour to match your
                  | surroundings (Stealth+). [Jiyva's grace]
 25764 | D:14     | Gained mutation: Your skin blends seamlessly with your
                  | surroundings (Stealth++). [Jiyva's grace]
 25764 | D:14     | Gained mutation: Your skin perfectly mimics your
                  | surroundings (Stealth+++). [Jiyva's grace]
 25764 | D:14     | Gained mutation: You have sharp toenails. [Jiyva's grace]
 25777 | D:14     | Noticed Nessos
 25787 | D:14     | Killed Nessos
 26228 | D:15     | Entered Level 15 of the Dungeon
 26337 | D:15     | Identified the +4 spear "Ylimug" {elec, Str+3}
 26519 | D:15     | Reached skill level 12 in Summonings
 26601 | D:15     | Reached **** piety under Jiyva
 26700 | D:15     | Paralysed by an orc sorcerer for 4 turns
 26711 | D:15     | Reached XP level 17. HP: 102/102 MP: 26/35
 26744 | D:15     | Found a staircase to the Depths.
 27089 | D:15     | Upgraded the game from 0.32-a0-871-ge202e49faa to
                  | 0.32-a0-872-g59262bdc9b
 27352 | Swamp:1  | Entered Level 1 of the Swamp
 27480 | Swamp:1  | Identified the ring of Starshine {rN+ Will+ Str+3}
 27562 | Swamp:1  | Reached skill level 13 in Summonings
 27821 | Swamp:1  | Identified the +2 pair of boots of the Chupacabra {Int+9}
 27875 | Swamp:1  | Lost mutation: Your spells are a little harder to cast, but
                  | a little more powerful. [potion of mutation]
 27875 | Swamp:1  | Lost mutation: You have hidden genetic potential. [potion
                  | of mutation]
 27875 | Swamp:1  | Lost mutation: Your skin perfectly mimics your surroundings
                  | (Stealth+++). [potion of mutation]
 27875 | Swamp:1  | Gained mutation: Your magical capacity is low. (-10% MP)
                  | [potion of mutation]
 27875 | Swamp:1  | Gained mutation: Your flesh is heat resistant. (rF+)
                  | [potion of mutation]
 28619 | Swamp:2  | Reached ***** piety under Jiyva
 28898 | Swamp:2  | Was forgiven by Kikubaaqudgha
 28945 | Swamp:3  | Reached skill level 14 in Summonings
 29006 | Swamp:3  | Lost mutation: You have sharp toenails. [Jiyva's grace]
 29006 | Swamp:3  | Lost mutation: Your skin blends seamlessly with your
                  | surroundings (Stealth++). [Jiyva's grace]
 29006 | Swamp:3  | Gained mutation: You have acidic saliva. [Jiyva's grace]
 29006 | Swamp:3  | Gained mutation: Your muscles are strong. (Str +4, Int/Dex
                  | -1) [Jiyva's grace]
 29006 | Swamp:3  | Gained mutation: Your muscles are very strong. (Str +8,
                  | Int/Dex -2) [Jiyva's grace]
 29006 | Swamp:3  | Gained mutation: You have a pair of small horns on your
                  | head. [Jiyva's grace]
 29254 | Swamp:3  | Found a blossoming altar of Fedhas.
 29485 | Swamp:4  | Entered Level 4 of the Swamp
 29577 | Swamp:4  | Noticed the 27-headed Lernaean hydra
 29584 | Swamp:4  | Killed the 27-headed Lernaean hydra
 29613 | Swamp:4  | Got a decaying rune of Zot
 29677 | Swamp:4  | Found a glacial archway.
 29708 | IceCv    | Entered an ice cave
 29957 | IceCv    | Identified the +3 pair of gloves of the Teaching Gods
                  | {rElec rN+ Regen+ Int+3}
 30074 | IceCv    | Noticed a lich
 30082 | IceCv    | Killed a lich
 30168 | IceCv    | Reached XP level 18. HP: 134/134 MP: 10/32
 30254 | IceCv    | Found an ancient bone altar of Kikubaaqudgha.
 30715 | Swamp:4  | Reached skill level 1 in Shields
 30716 | Swamp:4  | Reached skill level 1 in Armour
 30765 | Swamp:4  | Reached skill level 1 in Maces & Flails
 31170 | Swamp:4  | Reached XP level 19. HP: 140/140 MP: 33/33
 31236 | Lair:3   | Lost mutation: Your flesh is heat resistant. (rF+) [potion
                  | of mutation]
 31236 | Lair:3   | Lost mutation: You have a pair of small horns on your head.
                  | [potion of mutation]
 31236 | Lair:3   | Lost mutation: Your muscles are very strong. (Str +8,
                  | Int/Dex -2) [potion of mutation]
 31236 | Lair:3   | Gained mutation: You occasionally lose the ability to read
                  | scrolls when taking damage. [potion of mutation]
 31237 | Lair:3   | Lost mutation: Your magical capacity is low. (-10% MP)
                  | [potion of mutation]
 31237 | Lair:3   | Lost mutation: Your skin changes colour to match your
                  | surroundings (Stealth+). [potion of mutation]
 31237 | Lair:3   | Lost mutation: You occasionally lose the ability to read
                  | scrolls when taking damage. [potion of mutation]
 31237 | Lair:3   | Lost mutation: Your muscles are strong. (Str +4, Int/Dex
                  | -1) [potion of mutation]
 31237 | Lair:3   | Gained mutation: Your body sometimes deteriorates upon
                  | taking damage. [potion of mutation]
 31237 | Lair:3   | Gained mutation: You have a pair of small horns on your
                  | head. [potion of mutation]
 31339 | D:7      | Bought a potion of heal wounds for 80 gold pieces
 31339 | D:7      | Bought a potion of mutation for 128 gold pieces
 31339 | D:7      | Bought a potion of haste for 160 gold pieces
 31339 | D:7      | Bought a potion of heal wounds for 80 gold pieces
 31339 | D:7      | Bought a potion of curing for 48 gold pieces
 31339 | D:7      | Bought a potion of mutation for 128 gold pieces
 31495 | Orc:2    | Bought a potion of resistance for 160 gold pieces
 31495 | Orc:2    | Bought a potion of curing for 48 gold pieces
 31495 | Orc:2    | Bought 2 potions of curing for 96 gold pieces
 31495 | Orc:2    | Bought 2 potions of resistance for 320 gold pieces
 31495 | Orc:2    | Bought a potion of magic for 128 gold pieces
 31558 | Orc:1    | Bought a scroll of enchant armour for 217 gold pieces
 31558 | Orc:1    | Bought a scroll of teleportation for 87 gold pieces
 31558 | Orc:1    | Bought a scroll of enchant weapon for 217 gold pieces
 31695 | Snake:1  | Entered Level 1 of the Snake Pit
 31782 | Snake:1  | You fall into a shaft and drop 1 floor!
 31782 | Snake:2  | Found a transporter.
 31853 | Snake:2  | Found a transporter.
 31857 | Snake:2  | Reached skill level 5 in Maces & Flails
 32161 | Snake:2  | Gained mutation: You are covered in slimy tendrils that may
                  | disarm your opponents. [Jiyva's grace]
 32161 | Snake:2  | Gained mutation: Armour fits poorly on your pseudopods.
                  | [Jiyva's grace]
 32161 | Snake:2  | Gained mutation: Armour fits poorly on your large
                  | pseudopods. [Jiyva's grace]
 32161 | Snake:2  | Gained mutation: Armour fits poorly on your massive
                  | pseudopods. [Jiyva's grace]
 32743 | Snake:1  | Reached ****** piety under Jiyva
 32750 | Snake:1  | Found a basalt altar of Yredelemnul.
 32921 | Snake:1  | Identified the serpent talisman of Yneovauch {rN+ Int+2}
 32921 | Snake:1  | Noticed Aizul
 32926 | Snake:1  | Killed Aizul
 33532 | Snake:3  | Lost mutation: Your body sometimes deteriorates upon taking
                  | damage. [Jiyva's grace]
 33532 | Snake:3  | Lost mutation: You have acidic saliva. [Jiyva's grace]
 33532 | Snake:3  | Gained mutation: Your body has grown eyes which may confuse
                  | attackers. (Acc +3) [Jiyva's grace]
 33532 | Snake:3  | Gained mutation: Your body has grown many eyes which may
                  | confuse attackers. (Acc +5) [Jiyva's grace]
 33532 | Snake:3  | Gained mutation: Your body is covered in eyes which may
                  | confuse attackers. (Acc +7, SInv) [Jiyva's grace]
 33532 | Snake:3  | Gained mutation: You are robust. (+10% HP) [Jiyva's grace]
 33542 | Snake:3  | Found Cuor's Tiny Tomes.
 33833 | Snake:4  | Entered Level 4 of the Snake Pit
 33841 | Snake:4  | Found Liulojui's Assorted Antiques.
 33845 | Snake:4  | Found Ytujun's General Store.
 33846 | Snake:4  | Found Rator's Assorted Antiques.
 34096 | Snake:4  | Found a flickering gateway to a bazaar.
 34105 | Bazaar   | Entered a bazaar
 34105 | Bazaar   | Found Guromumn's Armour Boutique.
 34106 | Bazaar   | Found Ynaej's Antique Armour Shoppe.
 34111 | Bazaar   | Found Keuxtano's Assorted Antiques.
 34138 | Bazaar   | Found Hussiehatu's Book Shop.
 34146 | Bazaar   | Bought a Grand Grimoire for 374 gold pieces
 34188 | Bazaar   | Bought a potion of heal wounds for 105 gold pieces
 34188 | Bazaar   | Bought a potion of mutation for 168 gold pieces
 34317 | Snake:4  | Noticed Mlioglotl
 34326 | Snake:4  | Killed Mlioglotl
 34491 | Snake:4  | Bought a scroll of butterflies for 72 gold pieces
 34757 | Snake:4  | Reached skill level 5 in Shields
 34813 | Snake:4  | Reached XP level 20. HP: 88/166 MP: 30/38
 34896 | Snake:4  | Got a serpentine rune of Zot
 35404 | Slime:5  | Found a viscous altar of Jiyva.
 35414 | Slime:5  | Identified the +1 scale mail "Nachetoj" {Dex+4}
 35498 | Slime:5  | Identified the ring of Hyozas {Fly Str+2 Int+4 Dex-5}
 35510 | Slime:5  | Identified the ring "Vuc Popeo" {rElec rN+ MP+9 Str-3}
 35515 | Slime:5  | Got a slimy rune of Zot
 35982 | Elf:1    | Entered Level 1 of the Elven Halls
 36100 | Elf:1    | Found Wonic's Firing Range.
 36131 | Elf:1    | Found a transporter.
 36141 | Elf:1    | Found a transporter.
 36144 | Elf:1    | Noticed Gorgor's ghost (adept MiFi)
 36165 | Elf:1    | Noticed Louise
 36178 | Elf:1    | Killed Louise
 36244 | Elf:1    | Reached skill level 5 in Armour
 36266 | Elf:1    | Found Neaqoergh's Magic Scroll Shoppe.
 36274 | Elf:1    | Bought a scroll of amnesia for 68 gold pieces
 36504 | Elf:1    | Lost mutation: You are robust. (+10% HP) [Jiyva's grace]
 36504 | Elf:1    | Lost mutation: Your body is covered in eyes which may
                  | confuse attackers. (Acc +7, SInv) [Jiyva's grace]
 36504 | Elf:1    | Lost mutation: Your body has grown many eyes which may
                  | confuse attackers. (Acc +5) [Jiyva's grace]
 36504 | Elf:1    | Lost mutation: Armour fits poorly on your massive
                  | pseudopods. [Jiyva's grace]
 36504 | Elf:1    | Gained mutation: Your system is resistant to poisons.
                  | (rPois) [Jiyva's grace]
 36504 | Elf:1    | Gained mutation: Your melee attacks may engulf your foes in
                  | ooze. [Jiyva's grace]
 36504 | Elf:1    | Gained mutation: Your movements are slightly less
                  | encumbered by armour. (ER -2) [Jiyva's grace]
 36504 | Elf:1    | Gained mutation: Your movements are less encumbered by
                  | armour. (ER -4) [Jiyva's grace]
 36518 | Elf:1    | Paralysed by an air elemental for 1 turns
 36563 | Elf:1    | Noticed Agnes
 36569 | Elf:1    | Killed Agnes
 36592 | Elf:1    | Got the Directory of the Fifth Circle
 37011 | Elf:1    | Killed Gorgor's ghost
 37032 | Elf:1    | Identified the amulet of the Green God {Reflect rC+ rN++
                  | Will+ SH+5}
 37049 | Elf:1    | Learned a level 7 spell: Malign Gateway
 37291 | Elf:2    | Found a runed translucent gate.
 37291 | Elf:2    | Found a runed translucent gate.
 37291 | Elf:2    | Found a runed translucent gate.
 37399 | Elf:2    | Found Xeghekhi's Book Shop.
 37498 | Elf:2    | Reached skill level 10 in Maces & Flails
 37722 | Elf:2    | Identified the +2 helmet "Piruashra" {+Inv rPois SInv}
 38261 | Elf:2    | Acquired 1094 gold pieces
 38263 | Elf:2    | Acquired the Notes on Geometries and Creation
 38325 | Elf:3    | Entered Level 3 of the Elven Halls
 38644 | Elf:3    | Lost mutation: Your body has grown eyes which may confuse
                  | attackers. (Acc +3) [Jiyva's grace]
 38644 | Elf:3    | Lost mutation: Armour fits poorly on your large pseudopods.
                  | [Jiyva's grace]
 38644 | Elf:3    | Gained mutation: You have hidden genetic potential.
                  | [Jiyva's grace]
 38644 | Elf:3    | Gained mutation: You have great hidden genetic potential.
                  | [Jiyva's grace]
 38644 | Elf:3    | Gained mutation: Your translucent skin slightly reduces
                  | your foes' accuracy. (Stealth+) [Jiyva's grace]
 38644 | Elf:3    | Gained mutation: Your translucent skin reduces your foes'
                  | accuracy. (Stealth+) [Jiyva's grace]
 38697 | Elf:3    | Noticed Saint Roka
 38711 | Elf:3    | Killed Saint Roka
 38794 | Abyss:2  | Cast into level 2 of the Abyss (a deep elf sorcerer)
 38896 | Abyss:2  | Found a corrupted altar of Lugonu.
 38910 | Abyss:2  | Reached XP level 21. HP: 110/128 MP: 26/39
 39187 | Elf:3    | Escaped the Abyss
 39251 | Elf:3    | Found a portal to a secret trove of treasure.
 39744 | Elf:3    | Identified the +1 sling of Tyihuobb {drain, Will+ Str+2}
 39755 | Elf:3    | Identified the amulet "Beomm" {Reflect Regen+ Int+4 Dex-5
                  | Slay+6 SH+5}
 39764 | Elf:3    | Identified the +0 plate armour "Fifuerghu" {Rampage MP+9}
 39834 | Elf:3    | Identified the +7 broad axe "Naetis Ruimo" {heavy, rC+}
 39840 | Elf:3    | Identified the ring of Conformity {rF+ Str+2}
 39851 | Elf:3    | Identified the ring "Wogeteig" {Will+ Dex+3}
 39866 | Elf:3    | Identified the +1 pair of gloves of the Crushed Songs {Fly
                  | rC+ Dex-3}
 39942 | Elf:3    | Got Inukac's Compilation of Nightshade and Ashes
 39965 | Elf:3    | Identified the +3 plate armour "Ixkofidu" {rElec rC+}
 40225 | Vaults:1 | Entered Level 1 of the Vaults
 40531 | Vaults:1 | Found Romutz's Jewellery Shoppe.
 40533 | Vaults:1 | Found Sybasin's Weapon Shoppe.
 40590 | Vaults:1 | Lost mutation: Your translucent skin reduces your foes'
                  | accuracy. (Stealth+) [Jiyva's grace]
 40590 | Vaults:1 | Gained mutation: You have acidic saliva. [Jiyva's grace]
 40590 | Vaults:1 | Gained mutation: Your body has grown eyes which may confuse
                  | attackers. (Acc +3) [Jiyva's grace]
 40590 | Vaults:1 | Gained mutation: Your body has grown many eyes which may
                  | confuse attackers. (Acc +5) [Jiyva's grace]
 40590 | Vaults:1 | Gained mutation: Your body is covered in eyes which may
                  | confuse attackers. (Acc +7, SInv) [Jiyva's grace]
 40635 | Vaults:1 | Reached skill level 10 in Shields
 40987 | Vaults:1 | Found Ecaakuim's Distillery.
 41126 | Vaults:1 | Gained mutation: You have an increased reservoir of magic.
                  | (+10% MP) [hidden potential]
 41533 | Vaults:2 | Noticed Asterion
 41550 | Vaults:2 | Killed Asterion
 41551 | Vaults:2 | Reached XP level 22. HP: 155/172 MP: 20/44
 41859 | Vaults:2 | Reached skill level 10 in Translocations
 42183 | Vaults:2 | Lost mutation: You have a pair of small horns on your head.
                  | [Jiyva's grace]
 42183 | Vaults:2 | Lost mutation: You have acidic saliva. [Jiyva's grace]
 42183 | Vaults:2 | Lost mutation: Your translucent skin slightly reduces your
                  | foes' accuracy. (Stealth+) [Jiyva's grace]
 42183 | Vaults:2 | Lost mutation: You have great hidden genetic potential.
                  | [Jiyva's grace]
 42183 | Vaults:2 | Lost mutation: You are covered in slimy tendrils that may
                  | disarm your opponents. [Jiyva's grace]
 42183 | Vaults:2 | Gained mutation: You have a small jelly attached to you
                  | that may absorb projectiles. [Jiyva's grace]
 42183 | Vaults:2 | Gained mutation: Your rubbery body absorbs attacks. (AC +1,
                  | EV +1) [Jiyva's grace]
 42183 | Vaults:2 | Gained mutation: Your pliable body absorbs attacks. (AC +2,
                  | EV +2) [Jiyva's grace]
 42183 | Vaults:2 | Gained mutation: Your gelatinous body deflects attacks. (AC
                  | +3, EV +3) [Jiyva's grace]
 42992 | Vaults:3 | Found a staircase to the Crypt.
 43961 | Vaults:4 | Noticed Norris
 43974 | Vaults:4 | Killed Norris
 43987 | Vaults:4 | Gained mutation: Your flesh is heat resistant. (rF+)
                  | [hidden potential]
 43987 | Vaults:4 | Lost mutation: You have hidden genetic potential. [hidden
                  | potential expressed]
 44117 | Vaults:4 | Lost mutation: Your flesh is heat resistant. (rF+) [Jiyva's
                  | grace]
 44117 | Vaults:4 | Lost mutation: Your body is covered in eyes which may
                  | confuse attackers. (Acc +7, SInv) [Jiyva's grace]
 44117 | Vaults:4 | Lost mutation: Your body has grown many eyes which may
                  | confuse attackers. (Acc +5) [Jiyva's grace]
 44117 | Vaults:4 | Lost mutation: Your gelatinous body deflects attacks. (AC
                  | +3, EV +3) [Jiyva's grace]
 44117 | Vaults:4 | Lost mutation: Your movements are less encumbered by
                  | armour. (ER -4) [Jiyva's grace]
 44117 | Vaults:4 | Gained mutation: Your body has grown many eyes which may
                  | confuse attackers. (Acc +5) [Jiyva's grace]
 44117 | Vaults:4 | Gained mutation: Your body is covered in eyes which may
                  | confuse attackers. (Acc +7, SInv) [Jiyva's grace]
 44117 | Vaults:4 | Gained mutation: You have a small jelly attached to you
                  | that senses nearby items. [Jiyva's grace]
 44117 | Vaults:4 | Gained mutation: You are agile. (Dex +4, Str/Int -1)
                  | [Jiyva's grace]
 44560 | Vaults:4 | Reached XP level 23. HP: 170/178 MP: 36/45
 44783 | Vaults:4 | Learned a level 7 spell: Manifold Assault
 44887 | Vaults:1 | Bought the ring of Zyv Zoir {Wiz rC++ Str+2 Int+3} for 910
                  | gold pieces
 45372 | Depths:1 | Entered Level 1 of the Depths
 45463 | Depths:1 | Found a magical portal.
 45495 | WizLab   | Entered Tukima's Studio
 45879 | WizLab   | Noticed Nyxathid's illusion
 45913 | WizLab   | Identified the +2 barding of Ashenzari, Supporting {^Contam
                  | Rampage +Blink Slay-6}
 46288 | Depths:1 | Found a one-way gate to the infinite horrors of the Abyss.
 46671 | Depths:1 | Found a gateway to Hell.
 46846 | Depths:1 | Lost mutation: Your body is covered in eyes which may
                  | confuse attackers. (Acc +7, SInv) [Jiyva's grace]
 46846 | Depths:1 | Lost mutation: Your pliable body absorbs attacks. (AC +2,
                  | EV +2) [Jiyva's grace]
 46846 | Depths:1 | Lost mutation: You have a small jelly attached to you that
                  | senses nearby items. [Jiyva's grace]
 46846 | Depths:1 | Gained mutation: You have a small jelly attached to you
                  | that senses nearby items. [Jiyva's grace]
 46846 | Depths:1 | Gained mutation: Your translucent skin slightly reduces
                  | your foes' accuracy. (Stealth+) [Jiyva's grace]
 46846 | Depths:1 | Gained mutation: Your translucent skin reduces your foes'
                  | accuracy. (Stealth+) [Jiyva's grace]
 46846 | Depths:1 | Gained mutation: Your transparent skin significantly
                  | reduces your foes' accuracy. (Stealth+) [Jiyva's grace]
 47107 | Depths:2 | Reached skill level 15 in Shields
 47221 | Depths:2 | Found a one-way gateway to a ziggurat.
 47387 | Depths:2 | Noticed Vv
 47413 | Depths:2 | Killed Vv
 47427 | Depths:2 | Noticed the Enchantress
 47434 | Depths:2 | Identified the +1 giant club of the Priest {flame, rC-
                  | Int+9}
 47434 | Depths:2 | Identified the +2 giant club "Fosa" {flame, rC- rCorr MP+9
                  | Int+2}
 47435 | Depths:2 | Killed the Enchantress
 47888 | Depths:2 | Reached skill level 15 in Spellcasting
 47928 | Depths:2 | Found a one-way gate leading to the halls of Pandemonium.
 47982 | Depths:2 | Found a bloodstained altar of Trog.
 48187 | Depths:2 | Identified the +5 whip "Zukhlit" {speed, rC+ rN+}
 48187 | Depths:2 | Identified the +2 robe of the Six Eyes {Rampage Str+3}
 48195 | Depths:2 | Identified the +2 leather armour of Ethics {Str+3 Int+5}
 48260 | Depths:2 | Noticed Mara
 48267 | Depths:2 | Killed Mara
 48861 | Depths:3 | Reached XP level 24. HP: 131/180 MP: 35/46
 49002 | Depths:3 | You fall into a shaft and drop 1 floor!
 49002 | Depths:4 | Entered Level 4 of the Depths
 49168 | Depths:4 | Reached skill level 15 in Summonings
 49198 | Depths:4 | Identified the +0 demon trident of Duty {heavy, Fly Int+2
                  | Dex-5}
 49317 | Depths:4 | Reached skill level 16 in Summonings
 49555 | Depths:4 | Found a gate to the Realm of Zot.
 49717 | Depths:4 | Lost mutation: You have an increased reservoir of magic.
                  | (+10% MP) [Jiyva's grace]
 49717 | Depths:4 | Gained mutation: Your pliable body absorbs attacks. (AC +2,
                  | EV +2) [Jiyva's grace]
 49717 | Depths:4 | Gained mutation: Your gelatinous body deflects attacks. (AC
                  | +3, EV +3) [Jiyva's grace]
 49717 | Depths:4 | Gained mutation: You are somewhat resistant to further
                  | mutation. [Jiyva's grace]
 49717 | Depths:4 | Gained mutation: You are somewhat resistant to both further
                  | mutation and mutation removal. [Jiyva's grace]
 50657 | Zig:1    | Entered Level 1 of a ziggurat
 50657 | Zig:1    | Noticed Myleog the pandemonium lord
 50671 | Zig:1    | Killed Myleog the pandemonium lord
 50776 | Zig:2    | Entered Level 2 of a ziggurat
 50881 | Zig:3    | Entered Level 3 of a ziggurat
 50990 | Depths:1 | Found a basalt altar of Yredelemnul.
 51276 | Snake:4  | Bought a potion of heal wounds for 120 gold pieces
 51573 | Vaults:1 | Bought 2 potions of heal wounds for 170 gold pieces
 51868 | Snake:4  | Bought a potion of heal wounds for 240 gold pieces
 52243 | Crypt:1  | Entered Level 1 of the Crypt
 52582 | Crypt:1  | Reached skill level 17 in Summonings
 53133 | Crypt:1  | Noticed a royal mummy
 53252 | Crypt:1  | Killed a royal mummy
 53548 | Crypt:2  | Reached skill level 18 in Summonings
 54168 | Crypt:2  | Lost mutation: Your system is resistant to poisons. (rPois)
                  | [Jiyva's grace]
 54168 | Crypt:2  | Lost mutation: Your transparent skin significantly reduces
                  | your foes' accuracy. (Stealth+) [Jiyva's grace]
 54168 | Crypt:2  | Lost mutation: You have a small jelly attached to you that
                  | may absorb projectiles. [Jiyva's grace]
 54168 | Crypt:2  | Lost mutation: Your melee attacks may engulf your foes in
                  | ooze. [Jiyva's grace]
 54168 | Crypt:2  | Gained mutation: You possess an exceptional clarity of
                  | mind. [Jiyva's grace]
 54168 | Crypt:2  | Gained mutation: You are very agile. (Dex +8, Str/Int -2)
                  | [Jiyva's grace]
 54168 | Crypt:2  | Gained mutation: You have a small jelly attached to you
                  | that may absorb projectiles. [Jiyva's grace]
 54168 | Crypt:2  | Gained mutation: You are partially covered in iridescent
                  | scales. (AC +2) [Jiyva's grace]
 54474 | Crypt:3  | Entered Level 3 of the Crypt
 54589 | Crypt:3  | Reached skill level 19 in Summonings
 54855 | Crypt:3  | Reached XP level 25. HP: 170/191 MP: 43/43
 54907 | Crypt:3  | Identified the ring "Jearuniph" {rElec rN+ Will++ EV+5
                  | Int-4}
 54937 | Crypt:3  | Noticed Jory
 54945 | Crypt:3  | Killed Jory
 55050 | Crypt:3  | Noticed Mennas
 55062 | Crypt:3  | Killed Mennas
 55217 | Crypt:3  | Found an ancient bone altar of Kikubaaqudgha.
 55287 | Crypt:3  | Got the Anthology of the Pneumatic Morgue
 55288 | Crypt:3  | Noticed a dread lich
 55296 | Crypt:3  | Killed a dread lich
 55297 | Crypt:3  | Reached skill level 20 in Summonings
 55307 | Crypt:3  | Learned a level 9 spell: Dragon's Call
 55317 | Crypt:3  | Identified the orb "Piocegh" {light, Harm rPois}
 55317 | Crypt:3  | Noticed Frederick
 55333 | Crypt:3  | Killed Frederick
 55683 | Crypt:3  | Found a staircase to the Tomb.
 55857 | Crypt:3  | Identified the staff of World's End {rN+ Will+ Int+4 Necro}
 56841 | Vaults:5 | Entered Level 5 of the Vaults
 56909 | Vaults:5 | Noticed a dread lich
 56911 | Vaults:5 | Noticed a dread lich
 56920 | Vaults:5 | Killed a dread lich
 56928 | Vaults:5 | Killed a dread lich
 57149 | Vaults:5 | Reached XP level 26. HP: 200/200 MP: 43/43
 57173 | Vaults:5 | Identified the +2 chain mail of the Snake Pit {*Corrode
                  | +Blink rPois rN+ Will+}
 57222 | Vaults:5 | Reached skill level 15 in Fighting
 57352 | Vaults:5 | Lost mutation: You have a small jelly attached to you that
                  | senses nearby items. [Jiyva's grace]
 57352 | Vaults:5 | Lost mutation: Your movements are slightly less encumbered
                  | by armour. (ER -2) [Jiyva's grace]
 57352 | Vaults:5 | Gained mutation: Your movements are slightly less
                  | encumbered by armour. (ER -2) [Jiyva's grace]
 57352 | Vaults:5 | Gained mutation: Your movements are less encumbered by
                  | armour. (ER -4) [Jiyva's grace]
 57352 | Vaults:5 | Gained mutation: Your movements are significantly less
                  | encumbered by armour. (ER -6) [Jiyva's grace]
 57352 | Vaults:5 | Gained mutation: You are strong-willed. (Will+) [Jiyva's
                  | grace]
 57463 | Vaults:5 | Found Cogokh's Distillery.
 57468 | Vaults:5 | Bought a potion of heal wounds for 65 gold pieces
 57500 | Vaults:5 | Found Fuheukun's Distillery.
 57500 | Vaults:5 | Found Enynuus's Antique Weapon Shop.
 57548 | Vaults:5 | Found Mehurip's Distillery.
 57553 | Vaults:5 | Bought a potion of haste for 140 gold pieces
 57553 | Vaults:5 | Bought a potion of haste for 140 gold pieces
 57553 | Vaults:5 | Bought a potion of magic for 112 gold pieces
 57553 | Vaults:5 | Bought a potion of cancellation for 112 gold pieces
 57623 | Vaults:5 | Got the Cyclopedia of Points
 57649 | Vaults:5 | Got a silver rune of Zot
 57740 | Vaults:5 | Found Xischudu's Distillery.
 57745 | Vaults:5 | Bought a potion of haste for 180 gold pieces
 57745 | Vaults:5 | Bought a potion of heal wounds for 90 gold pieces
 57745 | Vaults:5 | Bought a potion of magic for 144 gold pieces
 57755 | Vaults:5 | Found Gitup's Magic Scroll Shoppe.
 57760 | Vaults:5 | Bought a scroll of blinking for 112 gold pieces
 57760 | Vaults:5 | Bought a scroll of teleportation for 45 gold pieces
 57897 | Vaults:5 | Found Otyu's Jewellery Shoppe.
 57905 | Vaults:5 | Found Umelinot's Antique Armour Boutique.
 58314 | Zot:1    | Entered Level 1 of the Realm of Zot
 58723 | Zot:1    | Acquired 924 gold pieces
 59259 | Zot:2    | Reached skill level 21 in Summonings
 60061 | Zot:3    | Lost mutation: Your body has grown many eyes which may
                  | confuse attackers. (Acc +5) [Jiyva's grace]
 60061 | Zot:3    | Lost mutation: Your gelatinous body deflects attacks. (AC
                  | +3, EV +3) [Jiyva's grace]
 60061 | Zot:3    | Lost mutation: You have a small jelly attached to you that
                  | may absorb projectiles. [Jiyva's grace]
 60061 | Zot:3    | Lost mutation: Your movements are significantly less
                  | encumbered by armour. (ER -6) [Jiyva's grace]
 60061 | Zot:3    | Gained mutation: Your mind is acute. (Int +4, Str/Dex -1)
                  | [Jiyva's grace]
 60061 | Zot:3    | Gained mutation: Your mind is very acute. (Int +8, Str/Dex
                  | -2) [Jiyva's grace]
 60061 | Zot:3    | Gained mutation: You have sharp fingernails. [Jiyva's
                  | grace]
 60061 | Zot:3    | Gained mutation: You have very sharp fingernails. [Jiyva's
                  | grace]
 60480 | Zot:3    | Identified the maw talisman of the Hanged Man {rN+ Str+6
                  | SInv}
 61002 | Zot:4    | Got Sif Muna's Teachings on Poisonous Portents
 61317 | Zot:4    | Reached XP level 27. HP: 210/210 MP: 42/44
 61572 | Zot:5    | Entered Level 5 of the Realm of Zot
 62416 | Zot:5    | Noticed an orb of fire
 62429 | Zot:5    | Killed an orb of fire
 62507 | Zot:5    | Noticed an orb of fire
 62508 | Zot:5    | Noticed an orb of fire
 62633 | Zot:5    | Noticed an ancient lich
 62639 | Zot:5    | Killed an ancient lich
 62654 | Zot:5    | Lost mutation: You are very agile. (Dex +8, Str/Int -2)
                  | [Jiyva's grace]
 62654 | Zot:5    | Lost mutation: You possess an exceptional clarity of mind.
                  | [Jiyva's grace]
 62654 | Zot:5    | Lost mutation: Your mind is very acute. (Int +8, Str/Dex
                  | -2) [Jiyva's grace]
 62654 | Zot:5    | Lost mutation: Your pliable body absorbs attacks. (AC +2,
                  | EV +2) [Jiyva's grace]
 62654 | Zot:5    | Lost mutation: Your rubbery body absorbs attacks. (AC +1,
                  | EV +1) [Jiyva's grace]
 62654 | Zot:5    | Lost mutation: Armour fits poorly on your pseudopods.
                  | [Jiyva's grace]
 62654 | Zot:5    | Lost mutation: Your movements are less encumbered by
                  | armour. (ER -4) [Jiyva's grace]
 62654 | Zot:5    | Gained mutation: You are highly strong-willed. (Will++)
                  | [Jiyva's grace]
 62654 | Zot:5    | Gained mutation: You are extremely strong-willed. (Will+++)
                  | [Jiyva's grace]
 62654 | Zot:5    | Gained mutation: Armour fits poorly on your pseudopods.
                  | [Jiyva's grace]
 62654 | Zot:5    | Gained mutation: Armour fits poorly on your large
                  | pseudopods. [Jiyva's grace]
 62659 | Zot:5    | Noticed an ancient lich
 62667 | Zot:5    | Killed an ancient lich
 62747 | Zot:5    | Killed an orb of fire
 62747 | Zot:5    | Noticed an orb of fire
 62753 | Zot:5    | Noticed an orb of fire
 62758 | Zot:5    | Noticed an orb of fire
 62759 | Zot:5    | Killed an orb of fire
 62760 | Zot:5    | Reached skill level 10 in Armour
 62760 | Zot:5    | Noticed an orb of fire
 62765 | Zot:5    | Noticed an ancient lich
 62840 | Zot:5    | Killed an ancient lich
 62843 | Zot:5    | Killed an orb of fire
 62868 | Zot:5    | Gained mutation: Potions are less effective at restoring
                  | your health. [an orb of fire]
 62874 | Zot:5    | Killed an orb of fire
 62935 | Zot:5    | Killed an orb of fire
 63037 | Zot:5    | Reached skill level 15 in Dodging
 63037 | Zot:5    | Reached skill level 22 in Summonings
 63066 | Zot:5    | Killed an orb of fire
 63174 | Zot:5    | Got the Orb of Zot
 63734 | Temple   | Fell from the grace of Jiyva
 63734 | Temple   | Became a worshipper of Kikubaaqudgha
 63869 | D:2      | Noticed Muasab the pandemonium lord
 63979 | D:1      | Noticed Bevin the pandemonium lord
 63988 | D:$      | Escaped with the Orb!

Illustrated notes

Levels and vault maps discovered:
D:1:      amcnicky_arrival_abandoned_market, layout_basic,
          chequers_ecumenical_altar_simple
D:2:      layout_rooms, uniq_robin
D:3:      layout_basic
D:4:      layout_loops_ring, trog_antimagical
D:5:      layout_basic, nicolae_shop_overcharged_wands, uniq_eustachio
D:6:      layout_rooms, temple_hall, kennysheep_nondescript,
          dreamdust_princess_bridge
D:7:      layout_loops_ring, nicolae_tso_carved_into_rock, lemuel_doored_altar,
          serial_shops, nicolae_stop_n_shop_2, nicolae_kite_square_tiling_tiny
D:8:      minmay_razor_zed, layout_rooms, minmay_lair_entry_grove, uniq_psyche,
          uniq_jeremiah, uniq_pikel
D:9:      layout_roguey, serial_bayou_ford_a
D:10:     layout_basic, lightli_minifort
D:11:     layout_gridville, orc_0_dummy, minivault_7, uniq_erica
D:12:     layout_loops_corners, uniq_jorgrun
D:13:     layout_basic, hellmonk_vaults_keyhole
D:14:     layout_stronghold, nzn_wu_jian_council_hall, serial_bayou,
          serial_bayou_lake_a, serial_bayou_pond_d, serial_bayou_shore_a,
          serial_bayou_pond_b, uniq_nessos
D:15:     grunt_enter_depths_magical_seal, layout_loops_ring,
          corexii_corridor_pit, st_stairs_6
Temple:   compressed_dpeg_triangle_lava_temple
Lair:1:   layout_cave_pods, st_stairs_3, evilmike_ambush
          [evilmike_ambush_outer_pillars, evilmike_ambush_inner_cross]
Lair:2:   layout_chaotic_city, minmay_snake_entry_guardpost_small, basic_altar,
          minivault_24, uniq_maggie
Lair:3:   layout_layer_cave, mainiacjoe_swamp_entry_angry_trees,
          gammafunk_ghost_arena, chequers_serial_rivers_small_3,
          grunt_forest_small_clearing_treed, uniq_nergalle, uniq_amaemon
Lair:4:   layout_hall_layers, nicolae_slime_entry_slimehenge, serial_bayou,
          serial_bayou_pond_b, serial_bayou_pond_d, serial_bayou_crossing,
          serial_bayou_pond_d, serial_bayou_shore_b, grunt_megastairs_2,
          uniq_josephine
Lair:5:   hangedman_lair_tendril_chambers, layout_big_grid,
          grunt_forest_large_clearing_hut
Swamp:1:  layout_basic_swamp, nicolae_swamp_stuck_in_the_mud, swamp_pool_1_2,
          nicolae_swamp_well_well_well, nicolae_swamp_drake_lake
Swamp:2:  layout_falls_marsh, evilmike_swamp_ruin_house_5,
          nicolae_swamp_baby_hydras, nicolae_swamp_tree_isthmus
Swamp:3:  layout_basic_swamp, nicolae_swamp_bean_lake, swamp_pool_1_2,
          nicolae_swamp_godswood
Swamp:4:  swamp_basic_johnstein, layout_basic_swamp,
          portal_ice_cave_entry_pillars_1
Snake:1:  layout_grid_maze, basic_altar, uniq_aizul
Snake:2:  gammafunk_sealed_arena, layout_cave_pods, guppyfry_snake_island
Snake:3:  layout_onion_interference, nicolae_shop_i_like_small_books_too,
          drop_trap, serial_library_regret_index_double_sided
Snake:4:  hellmonk_snake_rune_quicksilver_temple, layout_gridlike, serial_shops,
          bzr_in_the_mist, minmay_shop_star, uniq_mlioglotl
Slime:1:  layout_caves
Slime:2:  layout_caves
Slime:3:  layout_caves
Slime:4:  layout_caves
Slime:5:  slime_pit_nicolae_jellycorners
Orc:1:    layout_diamond_mine, serial_shops, shop, nicolae_shop_vocational,
          uniq_harold
Orc:2:    grunt_orc_tribal_feast, layout_caves, basic_altar,
          gauntlet_entry_generic, hellmonk_talismancer
Elf:1:    elf_arrival_001, layout_loops_ring, serial_shops, shop,
          gammafunk_ghost_berserking_beasts, minmay_elf_annihilation,
          nicolae_shop_firing_range, uniq_louise, uniq_agnes
Elf:2:    elven_hall_of_blades_hangedman_original [mumra_blade_entry_bloodbath],
          layout_gridlike, serial_shops, shop, small_statue_intersection,
          minmay_checkered_concentric_circles
Elf:3:    minmay_elf_hall_spiked, layout_geoelf_octagon, serial_sigils,
          serial_sigils_hangedman_snap, serial_sigils_hangedman_scar,
          serial_sigils_hangedman_shear, serial_sigils_hangedman_shear,
          nicolae_trove_entry_free_sample, guppyfry_elf_castle, uniq_saint_roka
Vaults:1: serial_library_hellmonk_open_cross, nicolae_vaults_wrenched,
          hangedman_vaults_nodes, nicolae_vaults_more_shelving_2,
          vaults_room_stairs_pillars, ontoclasm_vaults_ring_large, st_lines,
          ontoclasm_vaults_shuriken, vaults_room_corners,
          serial_library_hellmonk_open_square, nicolae_vaults_rhombus_5,
          hangedman_vaults_slice, nicolae_vaults_closet_pinwheel_4,
          layout_vaults_ring, serial_shops, shop, shop, shop
Vaults:2: ontoclasm_vaults_chip, vaults_room_glass_cross,
          vaults_room_semicircle, vaults_standard_mumra_lines,
          nicolae_vaults_specimen_jars, hangedman_vaults_stretched_pinwheel,
          v_misc_14, hangedman_vaults_snaps, v_misc_13, hangedman_vaults_cutoff,
          vaults_room_pool, layout_vaults_quadrants, uniq_asterion
Vaults:3: nicolae_vaults_fighting_squares, v_misc_9, vaults_room_door_ring,
          nicolae_vaults_mini_display_case, minmay_crypt_entry_simple_corners,
          nicolae_vaults_network_square, ontoclasm_vaults_hangar,
          hangedman_vaults_restitches, nicolae_vaults_door_testing_chamber,
          nicolae_vaults_heart-shaped_vault, vaults_room_hallway, v_misc_22,
          layout_vaults_big_room
Vaults:4: v_misc_3, v_misc_18, hangedman_vaults_slither, vaults_room_large_hall,
          nicolae_vaults_trapezoid_lopsided_3, nicolae_vaults_what_the_h,
          nicolae_vaults_three_branches, serial_library_hellmonk_open_square,
          nicolae_vaults_mitosis, nicolae_vaults_tetromino_T_1,
          nicolae_vaults_offset_grid_hallway_2, layout_vaults_maze_bifur,
          uniq_norris
Vaults:5
Crypt:1:  lemuel_minitomb, layout_regular_city
Crypt:2:  layout_catacombs, minivault_5, minivault_24
Crypt:3:  quadcrypt_mu, uniq_frederick, uniq_mennas, uniq_jory
Depths:1: layout_cave_shapes, lemuel_statue_altar, hell_entry, abyss_entry,
          mu_enter_wizlab_3, serial_co_window_serial, co_window_corner_a,
          co_window_of_opportunity_a, co_window_of_opportunity_a,
          co_window_corner_a, co_window_corner_a, co_window_corner_a,
          co_window_broadway_b, co_window_paths_c, co_window_unsneaky_path_b,
          co_window_paths_d, co_window_4corner_a, glass_columns_c,
          glass_columns_c, glass_columns_a
Depths:2: spriggan_forest, pan_entry, hell_entry, uniq_mara, uniq_vv
Depths:3: hellmonk_crumbling_castle, layout_gridville,
          regret_index_abyss_entry_already_here, pf_hell_entry_tar_spiral
Depths:4: evilmike_zot_entry_diamond, layout_basic, hellmouth_3,
          elyvilon_altar_1, abyss_entry, minmay_misc_feat_rows
Zot:1:    layout_gridlike
Zot:2:    layout_misc_corridors, regret_index_zotdec_obsidian_hm,
          kennysheep_underground_church
Zot:3:    layout_concentric_octagons, regret_index_zotdec_bone_old
Zot:4:    layout_basic
Zot:5:    layout_misc_corridors

Skill      XL: |  1  2  3  4  5  6  7  8  9 10 11 12 13 14 15 16 17 18 19 20 21 22 23 24 25 26 27 |
---------------+----------------------------------------------------------------------------------+-----
Spellcasting   | 3 4 5 6 8 9 10 11 12 13 14 15 16 17 18 | 18.0
Air Magic      | 2 3 4 5 |  5.0
Summonings     | 5 6 8 9 10 11 12 14 19 20 21 22 | 22.0
Necromancy     | 2 5 8 9 10 12 13 16 19 20 | 20.0
Fighting       | 3 5 6 8 9 10 11 12 14 15 17 | 17.0
Stealth        | 6 9 10 | 10.0
Earth Magic    | 3 5 6 |  6.0
Dodging        | 4 6 8 9 10 11 13 15 | 15.4
Hexes          | 2 8 |  8.0
Translocations | 1 5 8 9 12 14 | 14.0
Shields        | 1 5 8 11 14 16 17 18 | 18.6
Armour         | 1 4 5 7 9 10 | 10.0
Maces & Flails | 4 7 11 12 | 12.0

Action                     |  1- 3 |  4- 6 |  7- 9 | 10-12 | 13-15 | 16-18 | 19-21 | 22-24 | 25-27 || total
---------------------------+-------+-------+-------+-------+-------+-------+-------+-------+-------++-------
  Melee: Unarmed           |    46 |       |       |       |       |       |       |       |       ||    46
         Bite              |     5 |     8 |    25 |    11 |    38 |    36 |   120 |   290 |   153 ||   686
         Dagger            |    34 |   102 |   170 |     6 |       |       |       |       |       ||   312
         Punch             |     1 |       |       |       |       |       |       |       |       ||     1
         Kick              |       |       |     1 |       |       |       |       |       |       ||     1
         Whip              |       |       |       |    24 |       |       |       |       |       ||    24
         Trident           |       |       |       |   128 |   101 |       |       |       |       ||   229
         Demon whip        |       |       |       |       |   162 |   229 |   608 |  1676 |   121 ||  2796
         Headbutt          |       |       |       |       |       |    13 |   186 |    33 |       ||   232
         Pseudopods        |       |       |       |       |       |       |   158 |   407 |   252 ||   817
         Staff             |       |       |       |       |       |       |       |       |   475 ||   475
   Cast: Summon Small Mamm |    45 |    10 |     8 |    48 |     2 |       |       |       |       ||   113
         Call Canine Famil |       |    19 |    23 |    61 |    19 |       |       |       |       ||   122
         Summon Lightning  |       |       |    23 |    94 |    39 |     3 |       |       |       ||   159
         Death Channel     |       |       |       |       |    38 |    30 |    31 |    38 |    25 ||   162
         Animate Dead      |       |       |       |       |    17 |    15 |    17 |    17 |    11 ||    77
         Borgnjor's Vile C |       |       |       |       |    65 |   217 |   292 |   139 |    52 ||   765
         Summon Forest     |       |       |       |       |    24 |    16 |    19 |    25 |    32 ||   116
         Dispel Undead     |       |       |       |       |       |    21 |       |       |       ||    21
         Summon Mana Viper |       |       |       |       |       |    24 |    30 |    21 |    22 ||    97
         Haunt             |       |       |       |       |       |    50 |    37 |    36 |   122 ||   245
         Manifold Assault  |       |       |       |       |       |       |       |   179 |    12 ||   191
         Malign Gateway    |       |       |       |       |       |       |       |     3 |     6 ||     9
         Dragon's Call     |       |       |       |       |       |       |       |       |    21 ||    21
 Invoke: Brand Weapon With |       |       |       |       |     1 |       |       |       |       ||     1
         Unearth Wretches  |       |       |       |       |    14 |     8 |       |       |       ||    22
Ability: Exsanguinate      |       |       |       |       |       |     1 |       |     1 |       ||     2
         Revivify          |       |       |       |       |       |     1 |       |     1 |       ||     2
  Evoke: Wand              |       |       |       |    14 |     9 |    14 |       |       |     3 ||    40
         Phial of floods   |       |       |       |       |     1 |     2 |       |     1 |       ||     4
    Use: Potion            |       |     1 |     2 |     1 |     5 |     8 |     7 |     6 |     5 ||    35
         Scroll            |       |       |       |    18 |    14 |     9 |     6 |    10 |    13 ||    70
   Stab: Distracted        |     2 |     1 |     1 |     7 |    12 |    10 |    22 |    34 |    24 ||   113
         Sleeping          |     1 |     4 |     1 |       |       |     6 |     7 |     7 |       ||    26
         Paralysed         |       |       |       |       |    11 |     6 |       |       |       ||    17
         Confused          |       |       |       |       |       |       |     5 |    28 |     6 ||    39
 Armour: Robe              |    64 |    63 |    67 |       |       |       |       |       |       ||   194
         Leather armour    |       |       |    36 |   185 |   203 |   331 |   502 |   141 |       ||  1398
         Acid dragon scale |       |       |       |       |    15 |    19 |       |   216 |   403 ||   653
         Steam dragon scal |       |       |       |       |       |       |       |   105 |       ||   105
  Dodge: Dodged            |    76 |    45 |   167 |   199 |   326 |   330 |   430 |   408 |   354 ||  2335
  Block: Buckler           |       |       |       |    31 |    79 |    29 |       |       |       ||   139
         Kite shield       |       |       |       |       |       |       |   388 |   860 |   607 ||  1855
         Reflection        |       |       |       |       |       |       |    16 |    34 |    16 ||    66

Table legend: (Time is in decaauts)
 A = Elapsed time spent in this place.
 B = Non-inter-level travel time spent in this place.
 C = Inter-level travel time spent in this place.
 D = Time resting spent in this place.
 E = Time spent auto-exploring this place.
 F = Levels seen in this place.
 G = Mean time per level.
                   A        B        C        D        E       F      G
               +--------+--------+--------+--------+--------+-----+--------+
         Total |  64039 |  54397 |   9642 |   4851 |  36564 |  64 | 1000.6 |
       Dungeon |  18221 |  15018 |   3203 |   2000 |  10144 |  15 | 1214.7 |
        Temple |     22 |      8 |     14 |      0 |      0 |   1 |   22.0 |
          Lair |   7733 |   6408 |   1325 |   1000 |   4027 |   5 | 1546.6 |
         Swamp |   3137 |   2890 |    247 |    125 |   2066 |   4 |  784.2 |
     Snake Pit |   3649 |   2804 |    845 |     15 |   2084 |   4 |  912.2 |
    Slime Pits |   2042 |   1451 |    591 |    161 |    873 |   5 |  408.4 |
  Orcish Mines |   1917 |   1540 |    377 |    131 |   1019 |   2 |  958.5 |
   Elven Halls |   3856 |   3450 |    406 |     45 |   2387 |   3 | 1285.3 |
        Vaults |   6373 |   5309 |   1064 |     22 |   3864 |   5 | 1274.6 |
         Crypt |   4139 |   3664 |    475 |    215 |   2541 |   3 | 1379.7 |
        Depths |   5117 |   4408 |    709 |    167 |   3408 |   4 | 1279.2 |
           Zot |   4941 |   4560 |    381 |    447 |   3011 |   5 |  988.2 |
         Abyss |    377 |    377 |      0 |      7 |      0 |   1 |  377.0 |
      Ziggurat |    228 |    228 |      0 |    139 |     33 |   3 |   76.0 |
        Bazaar |    117 |    117 |      0 |      0 |     46 |   1 |  117.0 |
      Ice Cave |    988 |    988 |      0 |    211 |    393 |   1 |  988.0 |
        Wizlab |    439 |    439 |      0 |     34 |    221 |   1 |  439.0 |
      Gauntlet |    735 |    735 |      0 |    131 |    443 |   1 |  735.0 |
               +--------+--------+--------+--------+--------+-----+--------+

Top non-repeatable levels by time:
     D:8: 2471 daAuts
  Lair:3: 2269 daAuts
 Crypt:3: 1991 daAuts
Depths:2: 1892 daAuts
     D:9: 1614 daAuts
   Zot:5: 1595 daAuts
  Lair:4: 1551 daAuts
Vaults:1: 1454 daAuts
  Lair:2: 1443 daAuts
Vaults:3: 1395 daAuts
Vaults:2: 1373 daAuts
   Elf:2: 1359 daAuts
Depths:1: 1341 daAuts
   Elf:3: 1328 daAuts
     D:4: 1307 daAuts
